 Dungeon Crawl Stone Soup version 0.25-a0-110-ge29c8f2358 (webtiles) character file.

Game seed: 8913387732735696464, levelgen mode: deterministic

22128282 ReniFell the Conqueror (level 27, 224/224 HPs)
             Began as a Demonspawn Fighter on Nov 20, 2019.
             Was the Champion of Makhleb.
             Escaped with the Orb
             ... and 15 runes!
             The game lasted 04:27:05 (68544 turns).

ReniFell the Conqueror (Demonspawn Fighter)        Turns: 68544, Time: 04:27:06

Health: 224/224    AC: 40    Str: 32 (35) XL:     27
Magic:  48/48      EV: 18    Int:  5 (6)  God:    Makhleb [******]
Gold:   6080       SH: 29    Dex: 16 (17) Spells: 22/34 levels left

rFire    + + .     SeeInvis .   G - +8 broad axe of Valiance {chop, Dex+2}
rCold    + + +     Gourm    .   O - +1 large shield {rC+}
rNeg     + + +     Faith    +   q - +10 gold dragon scales
rPois    +         Spirit   .   (helmet unavailable)
rElec    +         Reflect  .   J - scarf {rC+ rF+}
rCorr    .         Harm     .   r - +1 pair of gloves of the Morning {rElec Str+5}
MR       +++++                  T - +0 pair of boots {run}
Stlth    ..........             w - amulet "Cara" {Faith +Fly MR++ MP+9 Str+3}
HPRegen  0.47/turn              j - +5 ring of protection {=R}
MPRegen  0.31/turn              o - ring "Leijoafu" {rN++ MP+9 Str+6 Int-4}

@: hasted, very quick
A: beak, hooves 1, horns 3, cold resistance 1, deformed body, deterioration 2,
dopey 2, frail 1, low mp 2, magic resistance 2, negative energy resistance 1,
powered by death 3, screaming 2, spiny 3, 50% torment resistance, weak 1, no
potion heal 1, black mark, sturdy frame 3
0: Orb of Zot
}: 15/15 runes: barnacled, slimy, silver, golden, iron, obsidian, icy, bone,
abyssal, demonic, glowing, magical, fiery, dark, gossamer
a: Minor Destruction, Lesser Servant of Makhleb, Major Destruction, Greater
Servant of Makhleb, Renounce Religion, Evoke Flight


You escaped.
You worshipped Makhleb.
Makhleb was exalted by your worship.
You were full.

You visited 18 branches of the dungeon, and saw 88 of its levels.
You visited Pandemonium 1 time, and saw 14 of its levels.
You visited the Abyss 2 times.
You visited 1 bazaar.
You also visited: Ice Cave.

You collected 10234 gold pieces.
You spent 4154 gold pieces at shops.

Inventory:

Hand Weapons
 G - the +8 broad axe of Valiance (weapon) {chop, Dex+2}
   (Okawaru gifted it to you on level 4 of the Shoals)

   It inflicts extra damage upon your enemies.
   It affects your dexterity (+2).
 M - a +9 broad axe of flaming
Missiles
 k - 99 javelins (quivered)
 v - 14 curare-tipped darts
 S - 10 throwing nets
Armour
 q - +10 gold dragon scales (worn)
 r - the +1 pair of gloves of the Morning (worn) {rElec Str+5}
   (Okawaru gifted it to you on level 4 of the Lair of Beasts)

   It affects your strength (+5).
   It insulates you from electricity.
 J - a scarf of resistance (worn)
 O - a +1 large shield of cold resistance (worn)
 T - a +0 pair of boots of running (worn)
Jewellery
 c - the ring "Itooh" {rElec rF- rN+ Str+5 Slay+2}
   (You found it in Pandemonium)

   [ring of strength]

   It affects your strength (+5).
   It affects your accuracy and damage with ranged weapons and melee attacks
   (+2).
   It makes you vulnerable to fire.
   It insulates you from electricity.
   It protects you from negative energy.
 j - a +5 ring of protection (left hand) {=R}
 o - the ring "Leijoafu" (right hand) {rN++ MP+9 Str+6 Int-4}
   (You found it on level 5 of the Vaults)

   [ring of magical power]

   It affects your strength (+6).
   It affects your intelligence (-4).
   It greatly protects you from negative energy.
   It affects your magic capacity (+9).
 w - the amulet "Cara" (around neck) {Faith +Fly MR++ MP+9 Str+3}
   (You found it on level 3 of the Elven Halls)

   [amulet of faith]

   It allows you to gain divine favour quickly.
   It affects your strength (+3).
   It affects your resistance to hostile enchantments.
   It affects your magic capacity (+9).
   It lets you fly.
 C - a +5 ring of intelligence
 E - an uncursed ring of protection from fire
 H - the ring of Uvoaho {rF++ Str+4 Dex-2 Stlth+}
   (You found it on level 3 of the Tomb of the Ancients)

   [ring of stealth]

   It affects your strength (+4).
   It affects your dexterity (-2).
   It greatly protects you from fire.
   It makes you more stealthy.
 K - the amulet of the Air {Inacc +Fly rElec EV+5 RMsl}
   (You found it on level 7 of Cocytus)

   [amulet of inaccuracy]

   It reduces the accuracy of all your attacks.
   It affects your evasion (+5).
   It insulates you from electricity.
   It lets you fly.
   It protects you from missiles.
 N - an uncursed ring of see invisible
 V - the ring "Hyjoess" {MR+ rCorr Str+5 Slay+3}
   (You found it in Pandemonium)

   [ring of resist corrosion]

   It affects your strength (+5).
   It affects your accuracy and damage with ranged weapons and melee attacks
   (+3).
   It affects your resistance to hostile enchantments.
   It provides partial protection from all sources of acid and corrosion.
 X - an uncursed amulet of the acrobat {unknown}
Wands
 b - a wand of iceblast (34)
 y - a wand of acid (66)
 B - a wand of digging (12)
Scrolls
 h - 19 scrolls of teleportation
 i - 4 scrolls of immolation
 m - 5 scrolls of blinking
 n - 17 scrolls of amnesia
 p - 34 scrolls of remove curse
 u - 8 scrolls of fear
 A - 7 scrolls of identify
 F - a scroll of fog
 I - a scroll of magic mapping
 U - 5 scrolls of summoning
Potions
 d - 4 potions of might
 e - 25 potions of curing
 g - 5 potions of cancellation
 l - 6 potions of resistance
 s - 6 potions of berserk rage
 t - a potion of haste
 x - 10 potions of invisibility
 D - 15 potions of brilliance
 L - 4 potions of magic
 P - 2 potions of heal wounds
 Q - 11 potions of flight
 R - 10 potions of ambrosia
 Z - 7 potions of agility
Miscellaneous
 a - 3 sacks of spiders
 W - a lamp of fire
Comestibles
 f - 67 rations


   Skills:
 O Level 27 Fighting
 - Level 22.5 Axes
 + Level 13.3 Throwing
 + Level 25.7 Armour
 - Level 12.7 Dodging
 + Level 26.0 Shields
 - Level 4.4 Spellcasting
 + Level 15.5 Charms
 - Level 15.9 Necromancy
 - Level 10.8 Translocations
 - Level 21.0 Invocations


You had 22 spell levels left.
You knew the following spells:

 Your Spells              Type           Power        Failure   Level  Hunger
a - Apportation           Tloc           ##....       1%          1    ##.....
b - Blink                 Tloc           N/A          1%          2    ###....
c - Lesser Beckoning      Tloc           ##........   3%          3    ####...
s - Spectral Weapon       Hex/Chrm       #.......     11%         3    ####...
x - Regeneration          Chrm/Necr      ###.......   1%          3    ####...

Your spell library contained the following spells:

 Spells                   Type           Power        Failure   Level  Hunger
 Animate Skeleton         Necr           N/A          1%          1    ##.....
 Infusion                 Chrm           ###.         1%          1    ##.....
 Pain                     Necr           ###.         1%          1    ##.....
 Corpse Rot               Necr           N/A          1%          2    ###....
 Shroud of Golubria       Chrm/Tloc      ##....       1%          2    ###....
 Song of Slaying          Chrm           ###.....     1%          2    ###....
 Sublimation of Blood     Necr           ###.......   1%          2    ###....
 Vampiric Draining        Necr           ###.......   1%          3    ####...
 Animate Dead             Necr           N/A          1%          4    #####..
 Gell's Gravitas          Tloc           ##........   3%          3    ####...
 Teleport Other           Tloc           ##......     3%          3    ####...
 Agony                    Necr           ###.....     3%          5    ######.
 Excruciating Wounds      Chrm/Necr      ###.......   3%          5    ######.
 Swiftness                Chrm/Air       #.......     5%          2    ###....
 Ozocubu's Armour         Chrm/Ice       #.......     11%         3    ####...
 Death Channel            Necr           ###.......   19%         6    #######
 Portal Projectile        Hex/Tloc       #.....       26%         3    ####...
 Recall                   Summ/Tloc      N/A          26%         3    ####...
 Beastly Appendage        Tmut           #.....       63%         1    ##.....
 Confusing Touch          Hex            #.....       63%         1    ##.....
 Corona                   Hex            #......      63%         1    ##.....
 Flame Tongue             Conj/Fire      #....        63%         1    ##.....
 Freeze                   Ice            #...         63%         1    ##.....
 Magic Dart               Conj           #...         63%         1    ##.....
 Sandblast                Erth           #.....       63%         1    ##.....
 Shock                    Conj/Air       #...         63%         1    ##.....
 Sting                    Conj/Pois      #...         63%         1    ##.....
 Summon Butterflies       Summ           #.......     63%         1    ##.....
 Summon Small Mammal      Summ           #...         63%         1    ##.....
 Force Lance              Conj/Tloc      #.......     65%         4    #####..
 Borgnjor's Vile Clutch   Necr/Erth      #.........   65%         5    ######.
 Iskenderun's Battlesphe  Conj/Chrm      #.......     67%         5    ######.
 Call Imp                 Summ           #.......     77%         2    ###....
 Passwall                 Tmut/Erth      #.......     77%         2    ###....
 Poisonous Vapours        Pois/Air       #.....       77%         2    ###....
 Searing Ray              Conj           #.....       77%         2    ###....
 Slow                     Hex            #.......     77%         2    ###....
 Sticks to Snakes         Tmut           #.......     77%         2    ###....
 Throw Flame              Conj/Fire      #.....       77%         2    ###....
 Throw Frost              Conj/Ice       #.....       77%         2    ###....
 Dispersal                Tloc           ##........   83%         6    #######
 Call Canine Familiar     Summ           #.......     94%         3    ####...
 Conjure Flame            Conj/Fire      #.......     94%         3    ####...
 Dazzling Spray           Conj/Hex       #.....       94%         3    ####...
 Ignite Poison            Fire/Tmut/Pois #.......     94%         3    ####...
 Inner Flame              Hex/Fire       #.......     94%         3    ####...
 Mephitic Cloud           Conj/Pois/Air  #.......     94%         3    ####...
 Spider Form              Tmut/Pois      #.........   94%         3    ####...
 Static Discharge         Conj/Air       #.......     94%         3    ####...
 Stone Arrow              Conj/Erth      #.....       94%         3    ####...
 Summon Guardian Golem    Hex/Summ       #.......     94%         3    ####...
 Tukima's Dance           Hex            #.......     94%         3    ####...
 Summon Forest            Summ/Tloc      #.........   94%         5    ######.
 Deflect Missiles         Chrm/Air       #.........   99%         6    #######
 Simulacrum               Ice/Necr       #.........   99%         6    #######
 Airstrike                Air            #.........   100%        4    #####..
 Cause Fear               Hex            #.........   100%        4    #####..
 Fulminant Prism          Conj/Hex       #.........   100%        4    #####..
 Ice Form                 Ice/Tmut       #.......     100%        4    #####..
 Iskenderun's Mystic Bla  Conj           #.......     100%        4    #####..
 Leda's Liquefaction      Hex/Erth       #.........   100%        4    #####..
 Olgreb's Toxic Radiance  Pois           #.......     100%        4    #####..
 Petrify                  Tmut/Erth      #.......     100%        4    #####..
 Sticky Flame             Conj/Fire      #.......     100%        4    #####..
 Summon Ice Beast         Ice/Summ       #.......     100%        4    #####..
 Summon Lightning Spire   Summ/Air       #.......     100%        4    #####..
 Throw Icicle             Conj/Ice       #.......     100%        4    #####..
 Alistair's Intoxication  Tmut/Pois      #.......     100%        5    ######.
 Blade Hands              Tmut           #.........   100%        5    ######.
 Bolt of Magma            Conj/Fire/Erth #.........   100%        5    ######.
 Fireball                 Conj/Fire      #.........   100%        5    ######.
 Irradiate                Conj/Tmut      #.........   100%        5    ######.
 Lee's Rapid Deconstruct  Erth           #.........   100%        5    ######.
 Lightning Bolt           Conj/Air       #.........   100%        5    ######.
 Metabolic Englaciation   Hex/Ice        #.........   100%        5    ######.
 Silence                  Hex/Air        #.........   100%        5    ######.
 Summon Mana Viper        Hex/Summ       #.......     100%        5    ######.
 Venom Bolt               Conj/Pois      #.........   100%        5    ######.
 Yara's Violent Unravell  Hex/Tmut       #.........   100%        5    ######.
 Bolt of Cold             Conj/Ice       #.........   100%        6    #######
 Bolt of Fire             Conj/Fire      #.........   100%        6    #######
 Conjure Ball Lightning   Conj/Air       #.........   100%        6    #######
 Darkness                 Hex            #.........   100%        6    #######
 Freezing Cloud           Conj/Ice/Air   #.........   100%        6    #######
 Hydra Form               Tmut           #.........   100%        6    #######
 Invisibility             Hex            #.......     100%        6    #######
 Iron Shot                Conj/Erth      #.........   100%        6    #######
 Ozocubu's Refrigeration  Ice            #.........   100%        6    #######
 Statue Form              Tmut/Erth      #........    100%        6    #######
 Dragon Form              Tmut           #.........   100%        7    #######
 Orb of Destruction       Conj           #.........   100%        7    #######
 Ring of Flames           Chrm/Fire      #.........   100%        7    #######
 Spellforged Servitor     Conj/Summ      #.........   100%        7    #######
 Summon Hydra             Summ           #.........   100%        7    #######
 Controlled Blink         Tloc           N/A          100%        8    #######
 Discord                  Hex            #.........   100%        8    #######
 Disjunction              Tloc           ##........   100%        8    #######
 Ignition                 Fire           #.........   100%        8    #######
 Dragon's Call            Summ           #.........   100%        9    #######
 Shatter                  Erth           #.........   100%        9    #######
 Tornado                  Air            #.........   100%        9    #######
 Passage of Golubria      Tloc           Unusable     N/A         4    N/A

Dungeon Overview and Level Annotations

Branches:
Dungeon (15/15)            Temple (1/1) D:4            Lair (6/6) D:11
 Shoals (4/4) Lair:4       Spider (4/4) Lair:4        Slime (5/5) Lair:5
    Orc (2/2) D:12            Elf (3/3) Orc:2        Vaults (5/5) D:14
  Crypt (3/3) Vaults:3       Tomb (3/3) Crypt:3      Depths (5/5) D:15
   Hell (visited)             Dis (7/7) Hell            Geh (7/7) Hell
    Coc (7/7) Hell            Tar (7/7) Hell            Zot (5/5) Depths:5
  IceCv (visited)

Altars:
Ashenzari
Cheibriados
Dithmenos
Elyvilon
Fedhas
Gozag
Hepliaklqana
Kikubaaqudgha
Makhleb
Nemelex Xobeh
Okawaru
Qazlal
Ru
Sif Muna
Trog
Uskayaw
Vehumet
Wu Jian
Xom
Yredelemnul
Zin
The Shining One
Beogh
Jiyva

Shops:
D:10 %   D:12 %   Orc:2 [(%[   Shoals:1 %   Shoals:4 *   Vaults:2 !
Vaults:3 %   Vaults:5 =[

Portals:
Hell: Depths:1 Depths:2 Depths:3 Depths:4 Depths:5
Abyss: Depths:1 Depths:4 Depths:5
Pandemonium: Depths:2 Depths:3
Ziggurat: Depths:4

Annotations:
D:9 3 runed translucent doors
Lair:5 exclusion: oklob plant
Lair:6 2 transporters, SkaryMonk's ghost, journeyman SpEn
Shoals:2 3 runed translucent doors, Ogubb's ghost, adept DrFE
Elf:2 5 runed translucent doors
Vaults:4 3 runed translucent doors, Neal's ghost, adept DDFi; Taschum's ghost, adept DrAK
Depths:1 3 runed translucent doors
Dis:7 1 exclusion
Coc:7 exclusion: ice statue
Zot:3 1 transporter
Zot:4 exclusion: upstairs
Zot:5 1 runed translucent door, stripedtigrrr's ghost, legendary MiBe


Innate Abilities, Weirdness & Mutations

You have a pair of large horns on your head.
You resist negative energy. (rN+)
You regenerate a lot of health from kills.
You are completely covered in sharp spines.
You are somewhat able to resist unholy torments (1 in 2 success).
Your melee attacks may debilitate your foes.
Your movements are significantly less encumbered by armour. (ER -6)
You have a beak for a mouth.
You have large cloven feet.
Your flesh is cold resistant. (rC+)
Armour fits poorly on your strangely shaped body.
Your body often deteriorates upon taking damage.
You are very dopey. (Int -4)
You are frail. (-10% HP)
Your magical capacity is very low. (-20% MP)
You are highly resistant to hostile enchantments. (MR++)
You sometimes yell uncontrollably at your foes.
You are weak. (Str -2)
Potions are less effective at restoring your health.


Message History

a +0 chain mail; an orc skeleton
There is a stone staircase leading up, spattered with blood here.
You climb upwards.
There is a stone staircase leading down here.
(D) Dungeon (T) Temple (L) Lair (A) Shoals (N) Spider Nest (M) Slime Pits (O) Orcish Mines (E) Elven Halls (V) Vaults (C) Crypt (W) Tomb (U) Depths (H) Hell (I) Dis (G) Gehenna (X) Cocytus (Y) Tartarus (Z) Zot
Where to? (Enter - D:1 @ (x,y), ? - help)
You see here a short sword.
An Orb Guardian comes into view.
There is a stone staircase leading up here.
You climb upwards.
There is a stone staircase leading down here.
You feel yourself speed up.
You see here a +0 club.
There is a dry fountain here.
There is a staircase leading out of the dungeon here.
You have escaped!

#..#.######.# #.## #.# #
#........(..# #..# #.#######
...#.###########.########.......#
.)...#####.............########.#
#..###..........⌠..........####..
.###...⌠.................⌠...##..
.##........⌠.........⌠......(.##.
.#.....(.......................##
.#...⌠..........@..(.......⌠...#.
.#.............................#.
.##........⌠.........⌠..(.....##.
####...⌠.................⌠...###.
###..........⌠..........#####.
#####.............######....
############### #.... #.... #....


There were no monsters in sight!

Vanquished Creatures
  Cerebov (Pan)
  Antaeus (Coc:7)
  the Royal Jelly (Slime:5)
  Asmodeus (Geh:7)
  Ereshkigal (Tar:7)
  the Serpent of Hell (Coc:7)
  Lom Lobon (Pan)
  Mnoleg (Pan)
  7 ancient liches
  Dispater (Dis:7)
  Mennas (Depths:4)
  8 orbs of fire
  A juggernaut (Depths:4)
  Mara (Tomb:1)
  3 pandemonium lords (Pan)
  Sojobo (Crypt:1)
  11 greater mummies
  5 Killer Klowns
  6 shard shrikes
  A curse toe (Zot:2)
  A caustic shrike (Depths:2)
  Geryon (Hell)
  8 golden dragons
  Jory (Crypt:3)
  12 bone dragons
  9 Brimstone Fiends
  7 doom hounds
  3 iron giants
  A hellephant (Hell)
  2 electric golems (Zot:5)
  11 Tzitzimimeh
  15 Ice Fiends
  18 tentacled monstrosities
  Jorgrun (Spider:2)
  9 liches
  5 Hell Sentinels
  26 Orb Guardians
  A shard shrike skeleton (Crypt:1)
  12 titans
  2 deep elf blademasters (Hell)
  6 quicksilver dragons
  Polyphemus (Shoals:2)
  10 Executioners
  5 deep elf master archers
  5 sphinxes
  6 tentacled starspawn
  A thorn hunter (Depths:3)
  6 eldritch tentacles
  19 ancient champions
  31 acid blobs
  5 death cobs
  8 tengu reavers
  Kirke (Spider:3)
  Donald (Crypt:1)
  30 shadow dragons
  A nagaraja (Abyss:3)
  11 storm dragons
  5 revenants
  4 draconian monks
  Roxanne (Shoals:4)
  12 azure jellies
  Ilsuiw (Shoals:4)
  2 daevas (Pan)
  10 deep elf sorcerers
  An orc warlord (Orc:2)
  34 fire giants
  4 warmongers (Pan)
  23 frost giants
  7 draconian knights
  7 draconian shifters
  7 ghost moths
  16 vault wardens
  10 cacodemons
  5 draconian scorchers
  3 angels (Pan)
  7 emperor scorpions
  4 curse skulls
  6 iron dragons
  8 deep elf elementalists
  17 balrugs
  13 ghouls
  9 draconian annihilators
  6 war gargoyles
  12 very ugly things
  3 elemental wellsprings
  2 spriggan defenders (Depths:4)
  3 draconian stormcallers (Zot:1)
  46 reapers
  6 ophanim (Pan)
  6 bennus
  14 vampire knights
  34 stone giants
  13 ironheart preservers
  6 lorocyprocas
  An apis (Pan)
  19 green draconians
  5 blood saints (Pan)
  2 corrupters (Pan)
  12 deep elf annihilators
  5 black suns
  11 deep elf demonologists
  7 entropy weavers
  8 spark wasps
  11 black draconians
  12 red draconians
  9 yellow draconians
  10 white draconians
  11 purple draconians
  A minotaur (Shoals:3)
  14 fire dragons
  16 blizzard demons
  6 eidola
  8 merfolk impalers
  7 ettins
  3 quicksilver dragon zombies
  7 merfolk javelineers
  Josephine (Shoals:1)
  5 green deaths
  20 mummy priests
  A crystal guardian (Vaults:3)
  7 jiangshi
  15 deep elf death magi
  13 great orbs of eyes
  16 death oozes
  A kraken zombie (Coc:3)
  2 quicksilver dragon skeletons
  8 deep elf high priests
  18 ogre magi
  4 hydras
  31 vault guards
  Fannar (Orc:1)
  19 yaktaur captains
  12 rakshasas
  Harold (D:8)
  21 ice dragons
  3 hell beasts
  4 catoblepae
  4 merfolk aquamancers
  3 merfolk avatars
  5 monstrous demonspawn (Pan)
  An anaconda (shapeshifter) (Vaults:5)
  9 deep troll shamans
  4 spriggan air magi
  15 centaur warriors
  2 alligator snapping turtles
  3 alligators (Depths:3)
  7 death knights
  6 satyrs
  A two-headed ogre (shapeshifter) (Depths:4)
  14 dancing weapons
  Erica (Lair:2)
  6 tengu warriors
  14 death scarabs
  2 satyrs (shapeshifter)
  13 death yaks
  7 thrashing horrors
  12 deep troll earth magi
  58 two-headed ogres
  36 hell hogs
  14 vampire magi
  An orc high priest (Orc:1)
  A shock serpent (shapeshifter) (Vaults:5)
  3 titan zombies
  8 spriggan berserkers
  43 sun demons
  17 soul eaters
  6 storm dragon zombies
  4 spriggans
  9 iron trolls
  A fire crab (shapeshifter) (Vaults:4)
  24 deep elf knights
  7 titan skeletons
  14 shadow wraiths
  12 wretched stars
  3 iron golems
  10 sixfirhies
  A spatial maelstrom (Abyss:2)
  108 skeletal warriors
  15 small abominations
  A storm dragon skeleton (Coc:3)
  8 cherubim (Pan)
  64 hell knights
  A death drake (shapeshifter) (Vaults:4)
  35 large abominations
  7 swamp dragons (Depths:3)
  A deep troll (shapeshifter) (Vaults:5)
  9 wizards
  6 infernal demonspawn
  11 sea snakes
  7 flayed ghosts
  2 gelid demonspawn (Pan)
  32 deep trolls
  2 unseen horrors
  13 anaconda zombies
  18 ironbrand convokers
  8 shadow demons
  5 torturous demonspawn (Pan)
  13 glowing orange brains
  21 starcursed masses
  3 golden dragon zombies
  A tengu zombie (Vaults:5)
  10 anaconda skeletons
  28 deep elf archers
  2 shadow dragon zombies
  3 kraken simulacra
  A lindwurm (shapeshifter) (Vaults:5)
  2 sphinx zombies
  2 harpies (shapeshifter)
  62 deep elf magi
  3 golden dragon skeletons
  Pikel (D:7)
  3 harpies (Vaults:5)
  5 wolf spider zombies
  2 lindwurms (Lair:4)
  20 phantasmal warriors
  8 fire giant zombies
  15 orc knights
  4 orc sorcerers
  27 wolf spiders
  14 manticores
  A shining eye (shapeshifter) (Abyss:1)
  51 ugly things
  17 necromancers
  21 orb spiders
  2 fauns (shapeshifter)
  A salamander (shapeshifter) (Vaults:3)
  3 shining eyes
  A moth of wrath (shapeshifter) (Vaults:5)
  4 shadow dragon skeletons
  2 frost giant zombies
  15 fauns
  5 iron dragon zombies
  21 moths of wrath
  6 stone giant zombies
  8 cyclopes
  A worldbinder (Abyss:3)
  5 black mambas
  2 shock serpent zombies
  2 iron dragon skeletons
  11 dire elephant zombies
  6 frost giant skeletons
  A guardian serpent (shapeshifter) (Vaults:5)
  26 rust devils
  7 merfolk sirens
  5 stone giant skeletons
  3 titan simulacra (Coc:7)
  4 apocalypse crabs (Abyss:3)
  A guardian serpent (Abyss:3)
  16 vault sentinels
  4 eyes of devastation
  4 fire giant skeletons
  Joseph (D:7)
  10 orange demons
  19 smoke demons
  An alligator snapping turtle zombie (Crypt:2)
  2 water nymphs
  19 elephants
  11 molten gargoyles
  3 ice statues
  3 storm dragon simulacra (Coc:7)
  A gargoyle (D:10)
  14 spiny frogs
  3 centaur skeletons
  A dire elephant skeleton (Geh:4)
  2 komodo dragons
  2 kobold demonologists (D:14)
  A spiny frog (shapeshifter) (Depths:4)
  3 rime drakes
  An emperor scorpion zombie (Hell)
  A yaktaur (shapeshifter) (Depths:2)
  10 efreet
  A swamp worm zombie (Crypt:2)
  22 hellions
  2 alligator snapping turtle skeletons
  25 demonic crawlers
  33 tormentors
  28 freezing wraiths
  56 yaktaurs
  35 ice devils
  7 tengu conjurers
  8 anaconda simulacra
  5 hellwings
  A grey draconian skeleton (Crypt:1)
  25 red devils
  47 guardian mummies
  2 queen bees
  A catoblepas skeleton (Geh:6)
  4 golden dragon simulacra (IceCv)
  2 trolls (shapeshifter)
  2 ancient zymes (Abyss:3)
  22 merfolk
  A meliai (shapeshifter) (Depths:1)
  A hornet (shapeshifter) (Depths:2)
  3 harpy zombies
  2 polar bears
  A queen bee (shapeshifter) (Depths:3)
  2 wind drakes (shapeshifter) (Elf:1)
  16 hydra zombies
  8 meliai
  5 wind drakes
  35 jumping spiders
  22 hornets
  4 harpy skeletons
  11 trolls
  6 alligator zombies
  9 blink frogs
  6 hydra skeletons
  2 raiju (shapeshifter) (Depths:4)
  8 ice dragon zombies
  7 dream sheep (Shoals:1)
  10 hippogriffs
  145 slime creatures
  6 bog bodies
  5 ettin zombies
  A dream sheep (shapeshifter) (Elf:3)
  A fire dragon zombie (Crypt:3)
  14 raiju
  11 snapping turtles
  3 air elementals
  2 fire dragon skeletons
  2 alligator skeletons
  A shock serpent simulacrum (Abyss:2)
  75 redbacks
  An ice dragon skeleton (Geh:5)
  27 wraiths
  2 black mamba zombies
  17 shadows
  4 ettin skeletons
  71 flying skulls
  27 ushabtiu
  A fire bat (Abyss:1)
  2 tarantellas (shapeshifter)
  4 dire elephant simulacra
  25 water elementals
  11 ynoxinuls
  24 tarantellas
  2 black mamba skeletons
  2 basilisks
  A human (shapeshifter) (Depths:3)
  6 wyverns
  4 hogs (Spider:3)
  22 vampires
  15 fire elementals
  11 hungry ghosts
  31 yaks
  A golden eye (Slime:5)
  21 neqoxecs
  A steam dragon (shapeshifter) (Vaults:5)
  A golden eye (shapeshifter) (Vaults:2)
  4 harpy simulacra
  3 chaos spawn
  6 vampire mosquitoes
  11 spatial vortices
  6 insubstantial wisps (Abyss:3)
  6 wargs
  Edmund (D:4)
  A swamp worm (shapeshifter) (Abyss:3)
  2 acid dragons
  A merfolk zombie (Dis:1)
  An iron troll simulacrum (IceCv)
  3 swamp worms (Depths:3)
  A floating eye (Depths:2)
  12 water moccasins
  7 porcupines
  40 hell hounds
  A meliai simulacrum (D:15)
  15 spiny frog zombies
  8 hydra simulacra
  A water nymph skeleton (Crypt:3)
  4 ice beasts
  3 spiny frog skeletons
  A black bear (D:12)
  45 orc warriors
  4 snapping turtle zombies
  3 swamp dragon zombies
  3 phantoms
  2 sky beasts
  An ettin simulacrum (IceCv)
  An eye of draining (shapeshifter) (Elf:1)
  9 eyes of draining
  17 necrophages
  24 centaurs
  2 fire dragon simulacra (Crypt:1)
  An alligator simulacrum (Tomb:3)
  2 slaves (D:7)
  An ogre (shapeshifter) (Elf:2)
  14 boggarts
  44 ogres
  13 crocodiles
  A snapping turtle skeleton (Tar:1)
  6 big kobolds
  An octopode zombie (Crypt:3)
  A fire crab zombie (Crypt:1)
  17 bullfrogs
  A wyvern zombie (D:12)
  An earth elemental (Elf:2)
  A spiny frog simulacrum (Coc:3)
  A yaktaur skeleton (Crypt:2)
  A wyvern skeleton (D:9)
  6 scorpions
  A spriggan zombie (Dis:7)
  22 killer bees
  A manticore simulacrum (Hell)
  2 troll zombies
  59 wights
  A troll skeleton (Tar:3)
  4 electric eels
  6 howler monkeys
  11 crimson imps
  2 draconian simulacra (IceCv)
  3 quasits
  4 bullfrog zombies
  5 centaur zombies
  3 hounds
  3 jellies
  20 orc priests
  A human zombie (Coc:2)
  19 iron imps
  Ijyb (D:3)
  A human skeleton (Geh:3)
  4 iguanas
  10 worker ants
  37 orc wizards
  6 troll simulacra (IceCv)
  2 spriggan simulacra (IceCv)
  A wolf simulacrum (IceCv)
  A felid zombie (Crypt:2)
  A crocodile zombie (Crypt:2)
  2 centaur simulacra (IceCv)
  10 ogre zombies
  2 naga skeletons
  A hound zombie (Crypt:1)
  40 mummies
  A howler monkey zombie (D:8)
  A worker ant zombie (Crypt:2)
  Robin (D:4)
  12 gnolls
  2 howler monkey skeletons
  A scorpion zombie (Crypt:2)
  16 adders
  4 naga simulacra (IceCv)
  2 ogre simulacra (IceCv)
  9 shadow imps
  13 white imps
  9 ufetubi
  2 oozes (Lair:5)
  3 adder skeletons
  A halfling skeleton (Crypt:1)
  6 worms
  A ball lightning (Pan)
  7 leopard geckos
  116 orcs
  A bat skeleton (Crypt:1)
  5 giant cockroaches
  21 goblins
  5 hobgoblins
  4 quokkas
  2 ball pythons
  A ball python skeleton (Crypt:3)
  5 bats
  5 frilled lizards
  2 goblin skeletons (D:12)
  2 goblin zombies (D:12)
  2 hobgoblin skeletons (D:12)
  4 hobgoblin zombies (D:12)
  35 kobolds
  A kobold zombie (Dis:7)
  A leopard gecko skeleton (D:3)
  2 orc skeletons
  15 orc zombies
  A quokka skeleton (Crypt:2)
  5 rats
  2 crawling corpses
  4 fungi
  A lurking horror (Abyss:3)
  21 plants
  3 starspawn tentacles
  4 tentacles
4564 creatures vanquished.

Vanquished Creatures (collateral kills)
  A seraph (Pan)
  A Brimstone Fiend (Geh:7)
  An iron giant (Hell)
  2 Hell Sentinels
  2 sphinxes (Tomb:1)
  An angel (Pan)
  A neqoxec (Pan)
9 creatures vanquished.

Vanquished Creatures (others)
  A draconian knight (Zot:3)
  A deep elf demonologist (Vaults:2)
  A great orb of eyes (Slime:5)
  A merfolk aquamancer (Shoals:4)
  A hell knight (Depths:5)
  A deep elf archer (Vaults:1)
  2 fauns (Shoals:4)
  A yaktaur (D:11)
  A tormentor (Coc:2)
  A hydra zombie (Coc:7)
  A guardian mummy (Tomb:2)
  A water elemental (Coc:7)
  A slave (D:7)
  An ogre (Depths:2)
  A wight (Geh:4)
  A killer bee (Abyss:4)
  2 ball lightnings (Pan)
  An orc (D:5)
  4 fungi
  25 plants
  2 spectral weapons (Pan)
  5 starspawn tentacles
  22 tentacles
  2 withered plants
80 creatures vanquished.

Grand Total: 4653 creatures vanquished

Notes
Turn   | Place    | Note
-------+----------+-------------------------------------------
     0 | D:1      | ReniFell the Demonspawn Fighter began the quest for the
                  | Orb.
     0 | D:1      | Reached XP level 1. HP: 18/18 MP: 1/1
   282 | D:1      | Gained mutation: You have a pair of small horns on your
                  | head. [demonic ancestry]
   282 | D:1      | Reached XP level 2. HP: 22/24 MP: 2/2
   799 | D:2      | Reached XP level 3. HP: 26/29 MP: 3/3
   953 | D:2      | Gained mutation: You are partially covered in sharp spines.
                  | [demonic ancestry]
   953 | D:2      | Reached XP level 4. HP: 35/35 MP: 4/4
  1298 | D:3      | Noticed Ijyb
  1323 | D:3      | Killed Ijyb
  1391 | D:3      | Gained mutation: You regenerate a little health from kills.
                  | [demonic ancestry]
  1391 | D:3      | Reached XP level 5. HP: 39/41 MP: 5/5
  1443 | D:3      | Found a glowing silver altar of Zin.
  1879 | D:3      | Reached skill level 5 in Axes
  2121 | D:4      | Noticed an ogre
  2340 | D:4      | Noticed Robin
  2351 | D:4      | Killed Robin
  2445 | D:4      | Gained mutation: You are mostly covered in sharp spines.
                  | [demonic ancestry]
  2445 | D:4      | Reached XP level 6. HP: 31/48 MP: 6/6
  2682 | D:4      | Reached skill level 4 in Fighting
  3067 | D:4      | Found a staircase to the Ecumenical Temple.
  3138 | D:4      | Noticed Edmund
  3155 | D:4      | Killed Edmund
  3155 | D:4      | Reached XP level 7. HP: 20/55 MP: 7/7
  3176 | Temple   | Entered the Ecumenical Temple
  3515 | Temple   | Became a worshipper of Warmaster Okawaru
  3645 | D:4      | Reached skill level 5 in Fighting
  3659 | D:4      | Reached * piety under Okawaru
  4278 | D:5      | Entered Level 5 of the Dungeon
  4320 | D:5      | Reached XP level 8. HP: 49/63 MP: 8/8
  4707 | D:5      | Reached skill level 6 in Fighting
  4832 | D:5      | Reached ** piety under Okawaru
  5920 | D:6      | Found a glowing golden altar of the Shining One.
  5923 | D:6      | Found a sacrificial altar of Ru.
  5933 | D:6      | Found a shattered altar of Ashenzari.
  6283 | D:7      | Reached skill level 7 in Fighting
  6283 | D:7      | Reached skill level 1 in Invocations
  6283 | D:7      | Gained mutation: Your movements are slightly less
                  | encumbered by armour. (ER -2) [demonic ancestry]
  6283 | D:7      | Reached XP level 9. HP: 66/72 MP: 8/10
  6563 | D:7      | Noticed Pikel
  6572 | D:7      | Killed Pikel
  6845 | D:7      | Noticed Joseph
  6882 | D:7      | Killed Joseph
  6882 | D:7      | Reached *** piety under Okawaru
  6882 | D:7      | Reached skill level 10 in Axes
  7183 | D:8      | Reached skill level 8 in Fighting
  7216 | D:8      | Reached skill level 5 in Invocations
  7608 | D:8      | Noticed Harold
  7618 | D:8      | Killed Harold
  7618 | D:8      | Reached **** piety under Okawaru
  7618 | D:8      | Reached XP level 10. HP: 74/81 MP: 10/14
  8607 | D:9      | Reached skill level 9 in Fighting
  8626 | D:9      | Reached ***** piety under Okawaru
  9029 | D:9      | Got a faintly glowing falchion
  9092 | D:9      | Found a runed translucent gate.
  9092 | D:9      | Found a runed translucent gate.
  9093 | D:9      | Noticed a red ugly thing
  9093 | D:9      | Noticed a white ugly thing
  9093 | D:9      | Noticed a cyan ugly thing
  9095 | D:9      | Found a runed translucent gate.
  9095 | D:9      | Noticed a green ugly thing
  9095 | D:9      | Noticed a white ugly thing
  9095 | D:9      | Noticed a cyan ugly thing
  9117 | D:9      | Noticed a two-headed ogre
  9124 | D:9      | Killed a two-headed ogre
  9124 | D:9      | Reached XP level 11. HP: 71/89 MP: 13/17
  9259 | D:10     | Entered Level 10 of the Dungeon
  9275 | D:10     | Received a gift from Okawaru
  9703 | D:10     | Found Xeompos's Food Emporium.
 10044 | D:11     | Got a translucent chain mail
 10055 | D:11     | Identified the +12 chain mail of Resonance {+Blink Regen+}
                  | (You found it on level 11 of the Dungeon)
 10072 | D:11     | Noticed a cyan ugly thing
 10072 | D:11     | Noticed a red ugly thing
 10088 | D:11     | Killed a purple ugly thing
 10089 | D:11     | Killed a cyan ugly thing
 10178 | D:11     | Noticed a white ugly thing
 10192 | D:11     | Killed a white ugly thing
 10192 | D:11     | Reached skill level 10 in Fighting
 10338 | D:11     | Found a staircase to the Lair.
 10489 | Lair:1   | Entered Level 1 of the Lair of Beasts
 11234 | Lair:2   | Reached skill level 10 in Invocations
 11242 | Lair:2   | Received a gift from Okawaru
 11311 | Lair:2   | Reached ****** piety under Okawaru
 11311 | Lair:2   | Gained mutation: You are completely covered in sharp
                  | spines. [demonic ancestry]
 11311 | Lair:2   | Reached XP level 12. HP: 76/98 MP: 16/19
 11319 | Lair:2   | Noticed Erica
 11337 | Lair:2   | Killed Erica
 11542 | Lair:2   | Noticed a seven-headed hydra
 11553 | Lair:2   | Killed a three-headed hydra
 11553 | Lair:2   | Received a gift from Okawaru
 12328 | Lair:3   | Reached skill level 11 in Fighting
 12908 | Lair:4   | Received a gift from Okawaru
 12931 | Lair:4   | Got a pair of smoking gloves {god gift}
 12937 | Lair:4   | Identified the +1 pair of gloves of the Morning {rElec
                  | Str+5} (Okawaru gifted it to you on level 4 of the Lair of
                  | Beasts)
 13063 | Lair:4   | Found a hole to the Spider Nest.
 13074 | Lair:4   | Noticed a four-headed hydra
 13133 | Lair:4   | Killed a one-headed hydra
 13285 | Lair:4   | Found a staircase to the Shoals.
 13554 | Lair:5   | You fall into a shaft and drop 1 floor!
 13554 | Lair:6   | Entered Level 6 of the Lair of Beasts
 13567 | Lair:6   | Found a transporter.
 13573 | Lair:6   | Reached XP level 13. HP: 78/107 MP: 12/22
 13639 | Lair:5   | Found a runed translucent door.
 13641 | Lair:5   | Found a viscous altar of Jiyva.
 13642 | Lair:5   | Found a staircase to the Slime Pits.
 13871 | Lair:5   | Received a gift from Okawaru
 14041 | Lair:5   | Reached skill level 15 in Axes
 14068 | Lair:6   | Reached skill level 12 in Fighting
 14159 | Lair:6   | Noticed SkaryMonk's ghost (journeyman SpEn)
 14219 | Lair:6   | Found a transporter.
 14262 | Lair:6   | Received a gift from Okawaru
 14531 | Lair:6   | Reached skill level 1 in Dodging
 14645 | Lair:6   | Gained mutation: You have a pair of horns on your head.
                  | [demonic ancestry]
 14645 | Lair:6   | Reached XP level 14. HP: 110/116 MP: 23/23
 15191 | D:12     | Received a gift from Okawaru
 15219 | D:12     | Found a snail-covered altar of Cheibriados.
 15219 | D:12     | Found a white marble altar of Elyvilon.
 15225 | D:12     | Noticed a frost giant
 15238 | D:12     | Noticed a fire giant
 15305 | D:12     | Found a staircase to the Orcish Mines.
 15782 | D:12     | Killed a fire giant
 15813 | D:12     | Killed a frost giant
 15917 | D:12     | Found Pug Rua's Food Shoppe.
 15969 | D:13     | Reached skill level 13 in Fighting
 15986 | D:13     | Received a gift from Okawaru
 16025 | D:13     | Reached skill level 5 in Armour
 16525 | D:13     | Found the +4 robe of Augmentation {Str+4 Int+4 Dex+4}
 17126 | D:14     | Reached skill level 5 in Dodging
 17236 | D:14     | Found a gate to the Vaults.
 17615 | D:14     | Gained mutation: You have a pair of large horns on your
                  | head. [demonic ancestry]
 17615 | D:14     | Reached XP level 15. HP: 124/124 MP: 24/24
 17631 | D:14     | Reached XP level 16. HP: 131/131 MP: 25/25
 17632 | D:14     | Reached XP level 17. HP: 137/137 MP: 26/26
 17836 | D:15     | Entered Level 15 of the Dungeon
 18212 | D:15     | Received a gift from Okawaru
 18212 | D:15     | Reached skill level 14 in Fighting
 18252 | D:15     | Received a gift from Okawaru
 18727 | D:15     | Found a staircase to the Depths.
 18999 | Orc:1    | Entered Level 1 of the Orcish Mines
 18999 | Orc:1    | Noticed Fannar
 19009 | Orc:1    | Killed Fannar
 19346 | Orc:2    | Entered Level 2 of the Orcish Mines
 19364 | Orc:2    | Found a roughly hewn altar of Beogh.
 19373 | Orc:2    | Found a roughly hewn altar of Beogh.
 19374 | Orc:2    | Found Ceonaedgh's Food Shoppe.
 19554 | Orc:1    | You fall into a shaft and drop 1 floor!
 19616 | Orc:2    | Found a roughly hewn altar of Beogh.
 19785 | Orc:2    | Received a gift from Okawaru
 19785 | Orc:2    | Reached skill level 5 in Shields
 19803 | Orc:2    | Found Gantuh's Antique Armour Boutique.
 19803 | Orc:2    | Found a roughly hewn altar of Beogh.
 19804 | Orc:2    | Found Miad's Antique Weapon Shop.
 19898 | Orc:2    | Found a roughly hewn altar of Beogh.
 19937 | Orc:2    | Found a staircase to the Elven Halls.
 19968 | Orc:2    | Found a roughly hewn altar of Beogh.
 19985 | Orc:2    | Found Teczetah's Armour Emporium.
 20204 | Orc:2    | Bought a pair of fine boots for 228 gold pieces
 20214 | Orc:2    | Identified the +1 pair of boots "Qacrun" {Str+2 Int-4
                  | Stlth+} (You bought it in a shop on level 2 of the Orcish
                  | Mines)
 20522 | Shoals:1 | Entered Level 1 of the Shoals
 20697 | Shoals:1 | Found Ivetimo's Food Boutique.
 20713 | Shoals:1 | Reached skill level 15 in Fighting
 21079 | Shoals:1 | Noticed Josephine
 21097 | Shoals:1 | Killed Josephine
 21267 | Shoals:2 | Found Agoaraaq's Food Emporium.
 21285 | Shoals:2 | Noticed Polyphemus
 21672 | Shoals:2 | Killed Polyphemus
 21903 | Shoals:2 | Received a gift from Okawaru
 22021 | Shoals:2 | Found a runed translucent gate.
 22021 | Shoals:2 | Found a runed translucent gate.
 22021 | Shoals:2 | Found a runed translucent gate.
 22021 | Shoals:2 | Noticed Ogubb's ghost (adept DrFE)
 22518 | Shoals:3 | Reached skill level 10 in Dodging
 22615 | Shoals:3 | Noticed a kraken
 22679 | Shoals:3 | Gained mutation: Your movements are less encumbered by
                  | armour. (ER -4) [demonic ancestry]
 22679 | Shoals:3 | Reached XP level 18. HP: 129/151 MP: 27/27
 22684 | Shoals:3 | Found a hide-covered altar of Uskayaw.
 22862 | Shoals:4 | Entered Level 4 of the Shoals
 22862 | Shoals:4 | Found Zeushre's Assorted Antiques.
 22877 | Shoals:4 | Reached skill level 16 in Fighting
 22910 | Shoals:4 | Bought a pink potion for 23 gold pieces
 22910 | Shoals:4 | Bought a runed agate ring for 130 gold pieces
 22999 | Shoals:4 | Identified the +9 hunting sling "Conservator" {flame, rElec
                  | MR++ Int+2 Dex-5}
 23631 | Shoals:4 | Got a barnacled rune of Zot
 23649 | Shoals:4 | Identified Roxanne's Guide on Stones
 23649 | Shoals:4 | Noticed Roxanne
 23729 | Shoals:4 | Killed Roxanne
 23905 | Shoals:4 | Noticed Ilsuiw
 23925 | Shoals:4 | Received a gift from Okawaru
 23940 | Shoals:4 | Got a crystal broad axe {god gift}
 23941 | Shoals:4 | Identified the +8 broad axe of Valiance {chop, Dex+2}
                  | (Okawaru gifted it to you on level 4 of the Shoals)
 23951 | Shoals:4 | Killed Ilsuiw
 24373 | Spider:1 | Entered Level 1 of the Spider Nest
 24588 | Spider:1 | Reached skill level 17 in Fighting
 24996 | Spider:1 | Received a gift from Okawaru
 25429 | Spider:2 | Noticed Jorgrun
 25451 | Spider:2 | Killed Jorgrun
 25455 | Spider:2 | Received a gift from Okawaru
 25455 | Spider:2 | Gained mutation: You regenerate health from kills. [demonic
                  | ancestry]
 25455 | Spider:2 | Reached XP level 19. HP: 90/161 MP: 21/28
 25977 | Spider:3 | Noticed Kirke
 26069 | Spider:3 | Killed Kirke
 26112 | Spider:3 | Identified a scroll of acquirement
 26116 | Spider:3 | Got a ruby-encrusted plate armour
 26127 | Spider:3 | Identified the +1 plate armour of the Gloaming {rCorr
                  | Int+4} (You acquired it on level 3 of the Spider Nest)
 26500 | Spider:4 | Entered Level 4 of the Spider Nest
 26857 | Spider:4 | Reached skill level 18 in Fighting
 27098 | Spider:4 | Found a frozen archway.
 27115 | IceCv    | Entered an ice cave
 27249 | IceCv    | Reached skill level 1 in Throwing
 27410 | IceCv    | Received a gift from Okawaru
 27589 | IceCv    | Identified a +0 pair of boots of running (You found it in
                  | an ice cave)
 27747 | Spider:4 | Reached skill level 10 in Armour
 27762 | Spider:4 | Reached skill level 10 in Shields
 27816 | Spider:4 | Paralysed by a hornet for 2 turns
 28197 | Spider:4 | Got a gossamer rune of Zot
 28465 | Vaults:1 | Entered Level 1 of the Vaults
 28622 | Vaults:1 | Received a gift from Okawaru
 28663 | Vaults:1 | Found a flickering gateway to a bazaar.
 28674 | Bazaar   | Entered a bazaar
 28688 | Bazaar   | Found Veleh's Antique Armour Emporium.
 28688 | Bazaar   | Found Ygak's Distillery.
 28710 | Bazaar   | Found Senoegest's Antique Armour Emporium.
 28734 | Bazaar   | Found Affare Cedgh's Assorted Antiques.
 28750 | Bazaar   | Found Feekarph's General Store.
 28750 | Bazaar   | Found Gecamak's Assorted Antiques.
 28755 | Bazaar   | Bought a scroll of identify for 22 gold pieces
 28808 | Bazaar   | Bought a spiked plate armour for 560 gold pieces
 28810 | Bazaar   | Identified the +1 plate armour "Quop" {*Contam rElec MR-
                  | Str+10} (You bought it in a shop in a bazaar)
 28828 | Bazaar   | Bought a fine plate armour for 616 gold pieces
 28828 | Bazaar   | Identified the +6 plate armour of Gravity {rN+ Int+8 SInv}
                  | (You bought it in a shop in a bazaar)
 28836 | Bazaar   | Bought a potion of magic for 80 gold pieces
 28836 | Bazaar   | Bought a potion of curing for 30 gold pieces
 28836 | Bazaar   | Bought a potion of brilliance for 40 gold pieces
 28836 | Bazaar   | Bought a potion of berserk rage for 50 gold pieces
 28836 | Bazaar   | Bought a potion of agility for 40 gold pieces
 28836 | Bazaar   | Bought a potion of mutation for 80 gold pieces
 28851 | Bazaar   | Bought a runed shield for 150 gold pieces
 28880 | Bazaar   | Bought a gilded ring for 155 gold pieces
 28896 | Bazaar   | Bought a potion of degeneration for 39 gold pieces
 28896 | Bazaar   | Bought a scroll of random uselessness for 39 gold pieces
 28898 | Bazaar   | Bought a hardcover book for 585 gold pieces
 28904 | Bazaar   | Bought a ration for 55 gold pieces
 28904 | Bazaar   | Bought a ration for 55 gold pieces
 28904 | Bazaar   | Bought a ration for 55 gold pieces
 28904 | Bazaar   | Bought a ration for 55 gold pieces
 28918 | Bazaar   | Bought a wand of paralysis (8) for 62 gold pieces
 29273 | Vaults:1 | Gained mutation: You resist negative energy. (rN+) [demonic
                  | ancestry]
 29273 | Vaults:1 | Reached XP level 20. HP: 170/170 MP: 27/29
 29647 | Vaults:1 | Reached skill level 5 in Throwing
 29880 | Vaults:1 | Found the +3 sling "Punk" {acid, rCorr}
 30564 | Vaults:2 | Received a gift from Okawaru
 30955 | Vaults:2 | Found Daddour's Distillery.
 30963 | Vaults:2 | Bought a potion of haste for 150 gold pieces
 30963 | Vaults:2 | Bought a potion of heal wounds for 75 gold pieces
 30963 | Vaults:2 | Bought a potion of heal wounds for 75 gold pieces
 30963 | Vaults:2 | Bought 2 potions of cancellation for 240 gold pieces
 30963 | Vaults:2 | Bought a potion of cancellation for 120 gold pieces
 30963 | Vaults:2 | Bought a potion of agility for 60 gold pieces
 30963 | Vaults:2 | Bought a potion of agility for 60 gold pieces
 31381 | Vaults:3 | Found Ryfel's Food Shop.
 31446 | Vaults:3 | Got a heavily runed golden ring
 31509 | Vaults:3 | Identified the ring of Knowledge {Fire rPois Str+3} (You
                  | found it on level 3 of the Vaults)
 31520 | Vaults:3 | Found a staircase to the Crypt.
 31520 | Vaults:3 | Cast into level 4 of the Abyss (a lich)
 31751 | Abyss:4  | Received a gift from Okawaru
 31805 | Abyss:4  | Reached XP level 21. HP: 159/159 MP: 27/30
 31871 | Vaults:3 | Escaped the Abyss
 32306 | Vaults:3 | You fall into a shaft and drop 1 floor!
 33449 | Vaults:4 | Received a gift from Okawaru
 33467 | Vaults:4 | Reached skill level 15 in Shields
 33783 | Vaults:4 | Found a runed translucent gate.
 33783 | Vaults:4 | Found a runed translucent gate.
 33783 | Vaults:4 | Found a runed translucent gate.
 34101 | Vaults:4 | Received a gift from Okawaru
 34187 | Vaults:4 | Noticed Neal's ghost (adept DDFi)
 34187 | Vaults:4 | Noticed Taschum's ghost (adept DrAK)
 34229 | Vaults:5 | Entered Level 5 of the Vaults
 34435 | Depths:1 | Entered Level 1 of the Depths
 34520 | Depths:1 | Found a one-way gate to the infinite horrors of the Abyss.
 34540 | Depths:1 | Reached skill level 19 in Fighting
 34540 | Depths:1 | Gained mutation: Your movements are significantly less
                  | encumbered by armour. (ER -6) [demonic ancestry]
 34540 | Depths:1 | Reached XP level 22. HP: 186/186 MP: 31/31
 34738 | Depths:1 | Found a runed translucent gate.
 34739 | Depths:1 | Found a runed translucent gate.
 34740 | Depths:1 | Found a runed translucent gate.
 34781 | Depths:1 | Found a gateway to Hell.
 34944 | Depths:1 | Found a shimmering altar of Xom.
 35233 | Depths:2 | Received a gift from Okawaru
 35271 | Depths:2 | Identified the +2 plate armour "Efahof" {rF+} (Okawaru
                  | gifted it to you on level 2 of the Depths)
 35349 | Depths:2 | Found a snail-covered altar of Cheibriados.
 35390 | Depths:2 | Found a one-way gate leading to the halls of Pandemonium.
 35511 | Depths:2 | Noticed a caustic shrike
 35611 | Depths:2 | Noticed a golden dragon
 35732 | Depths:2 | Killed a golden dragon
 35758 | Depths:2 | Killed a caustic shrike
 35851 | Depths:2 | Received a gift from Okawaru
 35910 | Depths:2 | Identified the +6 whip "Biacs" {slash, rN+}
 35919 | Depths:2 | Paralysed by a floating eye for 4 turns
 35960 | Depths:2 | Reached XP level 23. HP: 195/195 MP: 28/32
 36167 | Depths:2 | Found the +0 pair of fencer's gloves {Riposte Dex+3}
 36445 | Depths:3 | Received a gift from Okawaru
 36565 | Depths:3 | Reached skill level 20 in Fighting
 37375 | Depths:4 | Found a gateway to a ziggurat.
 38196 | Depths:4 | Reached skill level 15 in Armour
 38394 | Depths:4 | Received a gift from Okawaru
 38398 | Depths:4 | Noticed a juggernaut
 38420 | Depths:4 | Killed a juggernaut
 38468 | Depths:4 | Identified the Almanac of Weightlessness and Poison
 38689 | Depths:5 | Entered Level 5 of the Depths
 38767 | Depths:5 | Noticed Mennas
 38925 | Depths:4 | Killed Mennas
 38925 | Depths:4 | Received a gift from Okawaru
 39145 | Depths:5 | Found a shattered altar of Ashenzari.
 39386 | Depths:5 | Identified the +2 flail of Harmony {freeze, rElec}
 39394 | Depths:5 | Gained mutation: You are somewhat able to resist unholy
                  | torments (1 in 2 success). [demonic ancestry]
 39394 | Depths:5 | Reached XP level 24. HP: 202/206 MP: 30/32
 39478 | Depths:5 | Received a gift from Okawaru
 39614 | Depths:5 | Found a gate to the Realm of Zot.
 40198 | Vaults:4 | Identified the +1 broad axe "Goyplukh" {chop, Fragile
                  | +Blink rF++ SInv} (Okawaru gifted it to you on level 4 of
                  | the Vaults)
 40243 | Vaults:5 | Identified the +6 quarterstaff of Xunery {elec, +Rage +Inv
                  | Int+4}
 40275 | Vaults:5 | Reached skill level 21 in Fighting
 40339 | Vaults:5 | Received a gift from Okawaru
 40643 | Vaults:5 | Found Jeivvuq's Jewellery Shop.
 40653 | Vaults:5 | Reached XP level 25. HP: 197/215 MP: 28/32
 40696 | Vaults:5 | Found Roura's Antique Armour Boutique.
 40700 | Vaults:5 | Bought a glowing large shield for 225 gold pieces
 40903 | Vaults:5 | Noticed an ancient lich
 40913 | Vaults:5 | Killed an ancient lich
 40913 | Vaults:5 | Received a gift from Okawaru
 40914 | Vaults:5 | Got a pair of translucent gloves {god gift}
 40914 | Vaults:5 | Identified the +8 trident of Xiuhuz {protect, +Fly rF+}
 41412 | Vaults:5 | Got a silver rune of Zot
 41561 | Vaults:5 | Identified the +0 pair of gloves of Intercession {Dex+5}
                  | (Okawaru gifted it to you on level 5 of the Vaults)
 41562 | Vaults:5 | Identified the ring "Leijoafu" {rN++ MP+9 Str+6 Int-4} (You
                  | found it on level 5 of the Vaults)
 41774 | Vaults:5 | Learned a level 1 spell: Apportation
 41777 | Vaults:5 | Learned a level 2 spell: Blink
 41781 | Vaults:5 | Learned a level 3 spell: Regeneration
 42062 | Slime:1  | Entered Level 1 of the Pits of Slime
 42076 | Slime:1  | Reached skill level 1 in Necromancy
 42483 | Slime:3  | Reached skill level 22 in Fighting
 42509 | Slime:3  | Gained mutation: Your magical capacity is low. (-10% MP) [a
                  | shining eye]
 42514 | Slime:3  | Gained mutation: You are weak. (Str -2) [a shining eye]
 42569 | Slime:4  | Found a viscous altar of Jiyva.
 42627 | Slime:4  | Gained mutation: You are very weak. (Str -4) [a shining
                  | eye]
 42630 | Slime:4  | Gained mutation: You occasionally shout uncontrollably at
                  | your foes. [a shining eye]
 42729 | Slime:4  | Lost mutation: You are very weak. (Str -4) [potion of
                  | mutation]
 42729 | Slime:4  | Lost mutation: Your magical capacity is low. (-10% MP)
                  | [potion of mutation]
 42729 | Slime:4  | Lost mutation: You occasionally shout uncontrollably at
                  | your foes. [potion of mutation]
 42729 | Slime:4  | Gained mutation: You can translocate small distances at
                  | will. [potion of mutation]
 42729 | Slime:4  | Gained mutation: Your spells are a little easier to cast,
                  | but a little less powerful. [potion of mutation]
 42729 | Slime:4  | Gained mutation: You have a beak for a mouth. [potion of
                  | mutation]
 42729 | Slime:4  | Gained mutation: You are covered in fur. (AC +1) [potion of
                  | mutation]
 42788 | Slime:4  | Reached skill level 5 in Necromancy
 42912 | Slime:5  | Entered Level 5 of the Pits of Slime
 42938 | Slime:5  | Received a gift from Okawaru
 43222 | Slime:5  | Received a gift from Okawaru
 43347 | Slime:5  | Noticed the Royal Jelly
 43513 | Slime:5  | Killed the Royal Jelly
 43513 | Slime:5  | Gained mutation: You regenerate a lot of health from kills.
                  | [demonic ancestry]
 43513 | Slime:5  | Reached XP level 26. HP: 182/226 MP: 19/32
 43636 | Slime:5  | Identified the ring "Evvec" {rPois Dex+3 Stlth-} (You found
                  | it on level 5 of the Pits of Slime)
 43695 | Slime:5  | Got a slimy rune of Zot
 44129 | Zot:1    | Entered Level 1 of the Realm of Zot
 44323 | Zot:1    | Reached skill level 23 in Fighting
 44343 | Zot:1    | Received a gift from Okawaru
 44863 | Zot:2    | Received a gift from Okawaru
 45359 | Zot:2    | Gained mutation: Your melee attacks may debilitate your
                  | foes. [demonic ancestry]
 45359 | Zot:2    | Reached XP level 27. HP: 219/237 MP: 32/32
 45696 | Elf:1    | Entered Level 1 of the Elven Halls
 45811 | Elf:1    | Reached skill level 10 in Necromancy
 46141 | Elf:1    | Reached skill level 24 in Fighting
 46590 | Elf:2    | Received a gift from Okawaru
 46915 | Elf:2    | Found a huge runed translucent gate.
 46915 | Elf:2    | Found a huge runed translucent gate.
 46915 | Elf:2    | Found a huge runed translucent gate.
 46916 | Elf:2    | Found a huge runed translucent gate.
 46918 | Elf:2    | Found a huge runed translucent gate.
 47113 | Elf:3    | Entered Level 3 of the Elven Halls
 47547 | Elf:3    | Received a gift from Okawaru
 47583 | Elf:3    | Received a gift from Okawaru
 47649 | Elf:3    | Found the +8 whip "Snakebite" {curare, rPois}
 47657 | Elf:3    | Got a bound crystal amulet
 47658 | Elf:3    | Identified the amulet "Cara" {Faith +Fly MR++ MP+9 Str+3}
                  | (You found it on level 3 of the Elven Halls)
 47670 | Elf:3    | Identified Further Steps in the Hermit's Heritage
 47698 | Elf:3    | Identified the Guide on Curses
 47727 | Elf:3    | Identified Myadd's Collected Works on Necromancy
 47755 | Elf:3    | Identified the +5 plate armour of Faevy {rElec Str-5 Int+4}
                  | (You found it on level 3 of the Elven Halls)
 48311 | Crypt:1  | Entered Level 1 of the Crypt
 48318 | Crypt:1  | Learned a level 3 spell: Spectral Weapon
 48743 | Temple   | Fell from the grace of Okawaru
 48743 | Temple   | Became a worshipper of Makhleb the Destroyer
 49245 | Crypt:1  | Reached * piety under Makhleb
 49251 | Crypt:1  | Noticed Sojobo
 49288 | Crypt:1  | Killed Sojobo
 49463 | Crypt:1  | Noticed Donald
 49480 | Crypt:1  | Killed Donald
 49779 | Crypt:2  | Reached ** piety under Makhleb
 50069 | Crypt:2  | Reached *** piety under Makhleb
 50312 | Crypt:3  | Entered Level 3 of the Crypt
 50366 | Crypt:3  | Got an ancient glass ring
 50367 | Crypt:3  | Identified the ring "Enia" {-Tele +Inv rPois rF+ rCorr}
                  | (You found it on level 3 of the Crypt)
 50420 | Crypt:3  | Found the +15 Maxwell's patent armour {-Cast -Tele rElec
                  | MR+ rCorr}
 50471 | Crypt:3  | Noticed an ancient lich
 50483 | Crypt:3  | Killed an ancient lich
 50617 | Crypt:3  | Reached **** piety under Makhleb
 50647 | Crypt:3  | Reached skill level 25 in Fighting
 50799 | Crypt:3  | Identified the ring of Xynim {rC+ rN+ Str+4 Dex+2}
 50849 | Crypt:3  | Reached ***** piety under Makhleb
 50977 | Crypt:3  | Noticed Jory
 51005 | Crypt:3  | Killed Jory
 51251 | Crypt:3  | Found a staircase to the Tomb.
 51432 | Crypt:3  | Got a scorched glass ring
 51670 | Tomb:1   | Entered Level 1 of the Tomb of the Ancients
 51725 | Tomb:1   | Noticed Mara
 51726 | Tomb:1   | Noticed ReniFell's illusion
 51738 | Tomb:1   | Killed Mara
 51782 | Tomb:1   | Noticed a greater mummy
 51796 | Tomb:1   | Killed a greater mummy
 52323 | Tomb:1   | Identified the ring "Febahoro" {rN+ Dex+6} (You found it on
                  | level 3 of the Crypt)
 52327 | Tomb:2   | Noticed a greater mummy
 52327 | Tomb:2   | Noticed a greater mummy
 52327 | Tomb:2   | Noticed an ancient lich
 52342 | Tomb:2   | Noticed a greater mummy
 52342 | Tomb:2   | Killed an ancient lich
 52362 | Tomb:2   | Killed a greater mummy
 52365 | Tomb:2   | Reached ****** piety under Makhleb
 52393 | Tomb:2   | Killed a greater mummy
 52419 | Tomb:2   | Killed a greater mummy
 52819 | Tomb:3   | Entered Level 3 of the Tomb of the Ancients
 52889 | Tomb:3   | Noticed an ancient lich
 52898 | Tomb:3   | Noticed a greater mummy
 52899 | Tomb:3   | Killed an ancient lich
 52916 | Tomb:3   | Noticed an ancient lich
 52917 | Tomb:3   | Killed a greater mummy
 52927 | Tomb:3   | Noticed a greater mummy
 52927 | Tomb:3   | Killed an ancient lich
 53035 | Tomb:3   | Noticed a greater mummy
 53035 | Tomb:3   | Noticed a greater mummy
 53036 | Tomb:3   | Noticed a greater mummy
 53051 | Tomb:3   | Killed a greater mummy
 53067 | Tomb:3   | Killed a greater mummy
 53075 | Tomb:3   | Killed a greater mummy
 53101 | Tomb:3   | Killed a greater mummy
 53128 | Tomb:3   | Noticed a greater mummy
 53142 | Tomb:3   | Noticed a greater mummy
 53149 | Tomb:3   | Killed a greater mummy
 53162 | Tomb:3   | Killed a greater mummy
 53162 | Tomb:3   | Reached skill level 15 in Necromancy
 53271 | Tomb:3   | Got a clouded lead amulet
 53272 | Tomb:3   | Identified the amulet of Trepidation {rPois Regen+ Dex+4}
                  | (You found it on level 3 of the Tomb of the Ancients)
 53275 | Tomb:3   | Got a faintly glowing wooden ring
 53276 | Tomb:3   | Identified the ring of Uvoaho {rF++ Str+4 Dex-2 Stlth+}
                  | (You found it on level 3 of the Tomb of the Ancients)
 53282 | Tomb:3   | Identified the cursed +0 pair of boots of Amorality {+Fly
                  | Str-4 Int+2 Dex+4} (You found it on level 3 of the Tomb of
                  | the Ancients)
 53287 | Tomb:3   | Got a scorched golden ring
 53288 | Tomb:3   | Identified the ring "Ihotum" {+Inv rPois rC- Stlth+} (You
                  | found it on level 3 of the Tomb of the Ancients)
 53353 | Tomb:3   | Got a golden rune of Zot
 53882 | Hell     | Entered the Vestibule of Hell
 53882 | Hell     | Noticed Geryon
 54048 | Hell     | Killed Geryon
 54275 | Hell     | Found a gateway to the Iron City of Dis.
 54386 | Hell     | Found a gateway to the freezing wastes of Cocytus.
 54499 | Hell     | Found a gateway to the decaying netherworld of Tartarus.
 54576 | Hell     | Found a gateway to the ashen valley of Gehenna.
 54654 | Coc:1    | Entered Level 1 of Cocytus
 54708 | Coc:2    | Reached skill level 26 in Fighting
 54733 | Coc:2    | Was forgiven by Okawaru
 55136 | Coc:3    | Reached skill level 1 in Translocations
 55499 | Coc:7    | Entered Level 7 of Cocytus
 55559 | Coc:7    | Noticed the Serpent of Hell
 55594 | Coc:7    | Killed the Serpent of Hell
 55796 | Coc:7    | Reached skill level 5 in Translocations
 55811 | Coc:7    | Identified the ring "Qitoes" {rF+ MP+9 Int-4 SInv Stlth+}
 55811 | Coc:7    | Noticed Antaeus
 55853 | Coc:7    | Killed Antaeus
 55858 | Coc:7    | Found the amulet of the Air {Inacc +Fly rElec EV+5 RMsl}
 55862 | Coc:7    | Got a clouded lapis lazuli ring
 55863 | Coc:7    | Identified the ring of Peojascha {Ice rElec Dex-3 Stlth+}
                  | (You found it on level 7 of Cocytus)
 55874 | Coc:7    | Got an icy rune of Zot
 56017 | Dis:1    | Entered Level 1 of the Iron City of Dis
 56058 | Dis:1    | Learned a level 3 spell: Lesser Beckoning
 56167 | Dis:1    | Reached skill level 27 in Fighting
 56182 | Dis:1    | Reached skill level 1 in Charms
 56568 | Dis:2    | Gained mutation: You have sharp toenails. [mutagenic glow]
 57117 | Dis:6    | Reached skill level 5 in Charms
 57271 | Dis:7    | Entered Level 7 of the Iron City of Dis
 58105 | Dis:7    | Gained mutation: Your magical capacity is low. (-10% MP)
                  | [mutagenic glow]
 58141 | Dis:7    | Gained mutation: Your magical capacity is very low. (-20%
                  | MP) [mutagenic glow]
 58432 | Dis:7    | Identified the +4 staff of Dispater
 58432 | Dis:7    | Noticed Dispater
 58510 | Dis:7    | Gained mutation: You are resistant to hostile enchantments.
                  | (MR+) [mutagenic glow]
 58538 | Dis:7    | Gained mutation: You do not regenerate when monsters are
                  | visible. [mutagenic glow]
 58545 | Dis:7    | Lost mutation: You can translocate small distances at will.
                  | [potion of mutation]
 58545 | Dis:7    | Lost mutation: Your spells are a little easier to cast, but
                  | a little less powerful. [potion of mutation]
 58545 | Dis:7    | Gained mutation: You are covered in thick fur. (AC +2)
                  | [potion of mutation]
 58545 | Dis:7    | Gained mutation: You have razor-sharp toenails. [potion of
                  | mutation]
 58546 | Dis:7    | Lost mutation: Your magical capacity is very low. (-20% MP)
                  | [potion of mutation]
 58546 | Dis:7    | Lost mutation: You are covered in thick fur. (AC +2)
                  | [potion of mutation]
 58546 | Dis:7    | Lost mutation: You have razor-sharp toenails. [potion of
                  | mutation]
 58546 | Dis:7    | Gained mutation: You are highly resistant to hostile
                  | enchantments. (MR++) [potion of mutation]
 58546 | Dis:7    | Gained mutation: Your system is resistant to poisons.
                  | (rPois) [potion of mutation]
 58546 | Dis:7    | Lost mutation: You are weak. (Str -2) [potion of mutation]
 58547 | Dis:7    | Lost mutation: You have sharp toenails. [potion of
                  | mutation]
 58547 | Dis:7    | Lost mutation: You are covered in fur. (AC +1) [potion of
                  | mutation]
 58547 | Dis:7    | Gained mutation: You have supernaturally acute eyesight.
                  | (SInv) [potion of mutation]
 58547 | Dis:7    | Gained mutation: Armour fits poorly on your strangely
                  | shaped body. [potion of mutation]
 58547 | Dis:7    | Gained mutation: Your flesh is cold resistant. (rC+)
                  | [potion of mutation]
 58549 | Dis:7    | Lost mutation: Your system is resistant to poisons. (rPois)
                  | [potion of mutation]
 58549 | Dis:7    | Lost mutation: You do not regenerate when monsters are
                  | visible. [potion of mutation]
 58549 | Dis:7    | Lost mutation: You have supernaturally acute eyesight.
                  | (SInv) [potion of mutation]
 58549 | Dis:7    | Gained mutation: You are weak. (Str -2) [potion of
                  | mutation]
 58549 | Dis:7    | Gained mutation: You expend magic power (3 MP) to
                  | strengthen your wands. [potion of mutation]
 58608 | Dis:7    | Killed Dispater
 58627 | Dis:7    | Got an iron rune of Zot
 58736 | Tar:1    | Entered Level 1 of Tartarus
 59172 | Tar:1    | Reached skill level 15 in Invocations
 59531 | Tar:3    | Reached skill level 10 in Charms
 59581 | Tar:3    | You fall into a shaft and drop 3 floors!
 59594 | Tar:7    | Entered Level 7 of Tartarus
 59647 | Tar:7    | Identified Sif Muna's Volume of the Dislocated Snowflakes
 59690 | Tar:7    | Noticed an ancient lich
 59691 | Tar:7    | Noticed an ancient lich
 59699 | Tar:7    | Killed an ancient lich
 59707 | Tar:7    | Killed an ancient lich
 59814 | Tar:7    | Noticed Ereshkigal
 59861 | Tar:7    | Killed Ereshkigal
 59941 | Tar:7    | Got a bone rune of Zot
 60055 | Geh:1    | Entered Level 1 of Gehenna
 60522 | Geh:4    | You fall into a shaft and drop 1 floor!
 60730 | Geh:7    | Entered Level 7 of Gehenna
 60956 | Geh:7    | Identified the +7 sceptre of Asmodeus
 60956 | Geh:7    | Noticed Asmodeus
 61006 | Geh:7    | Killed Asmodeus
 61049 | Geh:7    | Got an obsidian rune of Zot
 61256 | Pan      | Entered Pandemonium
 61430 | Pan      | Noticed Tottud the pandemonium lord
 61447 | Pan      | Killed Tottud the pandemonium lord
 61577 | Pan      | Gained mutation: Your magical capacity is very low. (-20%
                  | MP) [a neqoxec]
 61690 | Pan      | Paralysed by accursed screaming for 1 turns
 61796 | Pan      | Noticed Humal the pandemonium lord
 61835 | Pan      | Killed Humal the pandemonium lord
 61881 | Pan      | Entered the realm of Lom Lobon.
 62060 | Pan      | Noticed Lom Lobon
 62083 | Pan      | Killed Lom Lobon
 62083 | Pan      | Reached skill level 10 in Translocations
 62123 | Pan      | Got a magical rune of Zot
 62227 | Pan      | Noticed Nufiacar the pandemonium lord
 62228 | Pan      | Gained mutation: Your body sometimes deteriorates upon
                  | taking damage. [a neqoxec]
 62241 | Pan      | Killed Nufiacar the pandemonium lord
 62273 | Pan      | Identified the amulet "Mugoduet" {+Rage Str+4} (You found
                  | it in Pandemonium)
 62337 | Pan      | Entered the realm of Gloorx Vloq.
 62337 | Pan      | Noticed Gloorx Vloq
 62341 | Pan      | Got a dark rune of Zot
 62482 | Pan      | Noticed Waikyxie the pandemonium lord
 62487 | Pan      | Noticed Gloorx Vloq
 62510 | Pan      | HP: 11/247 [green death/bolt of poison (3)]
 62677 | Pan      | Found an exit through the horrors of the Abyss.
 63001 | Pan      | Found a glowing golden altar of the Shining One.
 63001 | Pan      | Noticed a seraph
 63012 | Pan      | Killed a seraph
 63036 | Pan      | Got a demonic rune of Zot
 63045 | Pan      | Got a pitted golden ring
 63054 | Pan      | Identified the ring "Itooh" {rElec rF- rN+ Str+5 Slay+2}
                  | (You found it in Pandemonium)
 63229 | Pan      | Entered the realm of Cerebov.
 63430 | Pan      | Got a heavily runed lapis lazuli ring
 63431 | Pan      | Identified the ring "Hyjoess" {MR+ rCorr Str+5 Slay+3} (You
                  | found it in Pandemonium)
 63435 | Pan      | Got a twitching brass ring
 63436 | Pan      | Identified the ring "Sinyax" {rPois rC+ rN+ Dex+4} (You
                  | found it in Pandemonium)
 63507 | Pan      | Identified the +6 sword of Cerebov {flame}
 63507 | Pan      | Noticed Cerebov
 63557 | Pan      | Killed Cerebov
 63576 | Pan      | Got a fiery rune of Zot
 63656 | Pan      | Entered the realm of Mnoleg.
 63673 | Pan      | Gained mutation: You are frail. (-10% HP) [a neqoxec]
 63688 | Pan      | Gained mutation: You tend to lose your temper in combat. [a
                  | cacodemon]
 63692 | Pan      | Gained mutation: Scrolls take you a little longer to read.
                  | [a cacodemon]
 63709 | Pan      | Gained mutation: You often lose your temper in combat. [a
                  | neqoxec]
 63783 | Pan      | Noticed Mnoleg
 63818 | Pan      | Paralysed by a floating eye for 4 turns
 63834 | Pan      | Killed Mnoleg
 63863 | Pan      | Got a glowing rune of Zot
 63911 | Pan      | Found an exit through the horrors of the Abyss.
 63917 | Pan      | Gained mutation: You are very frail. (-20% HP) [a neqoxec]
 63924 | Pan      | Took an exit into the Abyss.
 63924 | Abyss:1  | Escaped into the Abyss
 64043 | Abyss:2  | Found a corrupted altar of Lugonu.
 64075 | Abyss:2  | Found a corrupted altar of Lugonu.
 64641 | Abyss:3  | Lost mutation: You expend magic power (3 MP) to strengthen
                  | your wands. [potion of mutation]
 64641 | Abyss:3  | Lost mutation: You are weak. (Str -2) [potion of mutation]
 64641 | Abyss:3  | Lost mutation: Your flesh is cold resistant. (rC+) [potion
                  | of mutation]
 64641 | Abyss:3  | Gained mutation: You have large cloven feet. [potion of
                  | mutation]
 64642 | Abyss:3  | Lost mutation: Scrolls take you a little longer to read.
                  | [potion of mutation]
 64642 | Abyss:3  | Lost mutation: Your body sometimes deteriorates upon taking
                  | damage. [potion of mutation]
 64642 | Abyss:3  | Lost mutation: Armour fits poorly on your strangely shaped
                  | body. [potion of mutation]
 64642 | Abyss:3  | Lost mutation: Your magical capacity is very low. (-20% MP)
                  | [potion of mutation]
 64642 | Abyss:3  | Gained mutation: You occasionally shout uncontrollably at
                  | your foes. [potion of mutation]
 64642 | Abyss:3  | Gained mutation: You expend magic power (3 MP) to
                  | strengthen your wands. [potion of mutation]
 64644 | Abyss:3  | Lost mutation: You often lose your temper in combat.
                  | [potion of mutation]
 64644 | Abyss:3  | Lost mutation: You tend to lose your temper in combat.
                  | [potion of mutation]
 64644 | Abyss:3  | Lost mutation: You expend magic power (3 MP) to strengthen
                  | your wands. [potion of mutation]
 64644 | Abyss:3  | Gained mutation: Armour fits poorly on your strangely
                  | shaped body. [potion of mutation]
 64644 | Abyss:3  | Lost mutation: You are very frail. (-20% HP) [potion of
                  | mutation]
 64780 | Abyss:3  | Paralysed by accursed screaming for 1 turns
 64816 | Abyss:3  | Reached skill level 10 in Throwing
 64818 | Abyss:3  | Got an abyssal rune of Zot
 64819 | Abyss:3  | Paralysed by accursed screaming for 1 turns
 64914 | Abyss:3  | Paralysed by you for 4 turns
 65134 | Depths:2 | Escaped the Abyss
 65621 | Zot:3    | Found a transporter.
 65811 | Zot:5    | Entered Level 5 of the Realm of Zot
 65839 | Zot:5    | Found a runed translucent door.
 65839 | Zot:5    | Noticed stripedtigrrr's ghost (legendary MiBe)
 66272 | Zot:5    | Noticed an orb of fire
 66274 | Zot:5    | Noticed an orb of fire
 66274 | Zot:5    | Noticed an orb of fire
 66275 | Zot:5    | Noticed an orb of fire
 66279 | Zot:5    | Noticed an orb of fire
 66280 | Zot:5    | Noticed an orb of fire
 66281 | Zot:5    | Noticed an orb of fire
 66292 | Zot:5    | Gained mutation: Your body sometimes deteriorates upon
                  | taking damage. [an orb of fire]
 66322 | Zot:4    | Killed an orb of fire
 66517 | Zot:4    | Gained mutation: You are dopey. (Int -2) [an orb of fire]
 66532 | Zot:4    | Killed an orb of fire
 66552 | Zot:4    | Killed an orb of fire
 66709 | Zot:5    | Noticed an orb of fire
 66723 | Zot:4    | Killed an orb of fire
 66746 | Zot:4    | HP: 11/223 [orb of fire/bolt of fire (24)]
 67206 | Zot:4    | Gained mutation: Your body often deteriorates upon taking
                  | damage. [an orb of fire]
 67273 | Zot:3    | Gained mutation: Your flesh is cold resistant. (rC+) [an
                  | orb of fire]
 67282 | Zot:3    | Killed an orb of fire
 67330 | Zot:4    | Gained mutation: You sometimes yell uncontrollably at your
                  | foes. [an orb of fire]
 67334 | Zot:4    | Gained mutation: You are very dopey. (Int -4) [an orb of
                  | fire]
 67338 | Zot:4    | Gained mutation: Your magical capacity is very low. (-20%
                  | MP) [an orb of fire]
 67341 | Zot:4    | Gained mutation: Potions are less effective at restoring
                  | your health. [an orb of fire]
 67346 | Zot:4    | Killed an orb of fire
 67536 | Zot:5    | Killed an orb of fire
 67762 | Zot:5    | Reached skill level 15 in Charms
 67867 | Zot:5    | Gained mutation: You are weak. (Str -2) [an orb of fire]
 67875 | Zot:5    | Killed an orb of fire
 67956 | Zot:5    | Got the Orb of Zot
 68544 | D:$      | Escaped with the Orb!

Levels and vault maps discovered:
D:1:      dpeg_arrival_water_temple_mockup, layout_basic, dk_noncrumbling_4,
          serial_bayou_ford_a, fountainhead, grunt_decor_cap
D:2:      layout_rooms
D:3:      layout_basic, zin_academy, uniq_ijyb
D:4:      minmay_polygon_palace, layout_basic,
          minmay_temple_entry_gardened_gates, first_ration, uniq_robin,
          uniq_edmund
D:5:      layout_basic
D:6:      layout_loops_ring, minitemple
D:7:      layout_gridville, uniq_pikel, uniq_joseph
D:8:      layout_basic, uniq_harold
D:9:      layout_basic, ploomutoo_gammafunk_ghost_potion_laboratory,
          david_nohive_1, kb_rosetta
D:10:     layout_irregular_city, serial_shops, shop, kennysheep_nondescript
D:11:     layout_rooms, lair_entry_dummy, kennysheep_big_empty_room,
          serial_park_tiny_1, minmay_crystal_room
D:12:     layout_small_grid, zombieorc2_lemuel, serial_shops, shop,
          jmf_multi_god_temple
D:13:     layout_layer_cave, hangedman_decor_riveting, serial_bayou_lagoon_a,
          minmay_radiant
D:14:     layout_loops_ring, david_vaults_2, hangedman_decor_slide_cut
D:15:     grunt_enter_depths_snipers, layout_basic, minmay_misc_feat_iff
Temple:   dpeg_five_rooms_temple
Lair:1:   layout_chaotic_city
Lair:2:   layout_cave_pods, grunt_forest_stairs_basic, st_stairs_10,
          small_statue_intersection, grunt_megastairs_4, uniq_erica
Lair:3:   layout_loops_ring, beast_lair_carwin_3, infiniplex_staircase_pool
Lair:4:   layout_big_grid, shoals_dummy_entry, spider_nest_entry_web_field,
          minivault_23
Lair:5:   layout_misc_corridors, slime_altar_2, chequers_serial_rivers_micro_d,
          serial_bayou_shore_a
Lair:6:   evilmike_catoblepas_cave, layout_regular_city, gammafunk_ghost_arena
Shoals:1: layout_shoals, serial_shops, shop_coins, uniq_josephine
Shoals:2: layout_shoals, serial_shops, nicolae_shop_crystal,
          ebering_ghost_rock_garden, uniq_polyphemus
Shoals:3: layout_shoals, regret_index_shoals_crete
Shoals:4: shoals_end_grunt_garden, layout_shoals, shoals_ilsuiw_alternative,
          serial_shops, nicolae_shop_temple_entry_statues_fountains,
          nicolae_shoals_square_sea_wall, uniq_roxanne
Spider:1: nicolae_spider_corner
Spider:2: layout_spider_delve, hangedman_spider_tarantella_strand, uniq_jorgrun
Spider:3: layout_spider_delve, uniq_kirke
Spider:4: guppyfry_spider_rune, portal_ice_cave_entry_dragon,
          nicolae_spider_webbed_stairs
Slime:1:  layout_caves, cheibrodos_slime_lost_civilization_7
Slime:2:  layout_caves, nicolae_slime_phagocytosis
Slime:3:  cheibrodos_slime_lost_civilization_1, layout_caves, basic_altar
Slime:4:  layout_caves, basic_altar, nicolae_slime_round_cave
Slime:5
Orc:1:    layout_caves, uniq_fannar
Orc:2:    grunt_orc_community_town_hall, layout_diamond_mine,
          grunt_orc_community_big_house_2, grunt_orc_community_big_house_1,
          grunt_orc_community_house_1, grunt_orc_community_house_3,
          grunt_orc_community_house_3, grunt_orc_community_house_3,
          grunt_orc_community_house_1, basic_altar
Elf:1:    eino_elf_arrival_customs, layout_gridlike, hangedman_elf_represent
Elf:2:    layout_geoelf_diagonals, minivault_8
Elf:3:    minmay_elf_hall_hex, layout_gridlike, grunt_ministairs_11,
          glass_columns_c
Vaults:1: v_pattern_4, nicolae_vaults_rhombus_7, v_misc_17,
          vaults_room_door_hall, v_misc_29, nicolae_vaults_circle_grid_a,
          hangedman_vaults_hat, layout_vaults_omnigrid, serial_shops,
          bzr_firewalk
Vaults:2: vaults_dpeg_diagonal, v_misc_8, st_eye, nicolae_vaults_asterisk,
          nicolae_vaults_little_squares_3, ontoclasm_vaults_loading_screen,
          layout_vaults_chaotic_city, serial_shops, shop
Vaults:3: nicolae_vaults_little_squares_5, v_misc_29, grunt_vaults_swirl,
          vaults_dpeg_hooks, nicolae_vaults_little_squares_3,
          grunt_vaults_diagonal, vaults_mumra_lcd,
          minmay_crypt_entry_nasty_monster, hangedman_vaults_stretched_pinwheel,
          hangedman_vaults_trim, layout_vaults_maze_bifur, mu_enter_wizlab_3,
          serial_shops, shop
Vaults:4: gammafunk_vaults_ghost_cemetery,
          vaults_standard_mumra_enter_the_diamond, nicolae_vaults_puzzle_piece,
          nicolae_vaults_know_your_exits, v_misc_23, v_alt_pattern_4, v_rooms_2,
          hangedman_vaults_unwind, vaults_room_fancy_cross, v_misc_13,
          vaults_dpeg_doors, nicolae_vaults_gold_heap, vaults_room_pools,
          layout_vaults_omnicross
Vaults:5: serial_shops
Crypt:1:  layout_misc_corridors, st_stairs_13, grunt_crypt_arrival_split,
          uniq_sojobo, uniq_donald
Crypt:2:  layout_rooms, minigarden_bobbens
Crypt:3:  due_elkab, layout_chaotic_city, minmay_misc_feat_rows,
          weyrava_lich_vault
Tomb:1:   uniq_mara
Tomb:2
Tomb:3
Depths:1: layout_forbidden_donut, abyss_entry, hell_entry,
          ploomutoo_gammafunk_ghost_potion_laboratory, tgw_xom
Depths:2: minmay_the_grid_square_5x5_5x5_mashed
          [minmay_the_grid_square_5x5_hollow_slash,
          minmay_the_grid_square_5x5_six, minmay_the_grid_square_5x5_n_small,
          minmay_the_grid_square_5x5_minimal, minmay_the_grid_square_5x5_bite,
          minmay_the_grid_square_5x5_six_small,
          minmay_the_grid_square_5x5_prize_snowflake,
          minmay_the_grid_square_5x5_almost_minimal,
          minmay_the_grid_square_5x5_prize_junk,
          minmay_the_grid_square_5x5_misaligned,
          minmay_the_grid_square_5x5_longway,
          minmay_the_grid_square_5x5_shrine1,
          minmay_the_grid_square_5x5_prize_itemx,
          minmay_the_grid_square_5x5_tie, minmay_the_grid_square_5x5_spiral,
          minmay_the_grid_square_5x5_lines,
          minmay_the_grid_square_5x5_prize_monsterx,
          minmay_the_grid_square_5x5_detours,
          minmay_the_grid_square_5x5_prize_deathbox,
          minmay_the_grid_square_5x5_inner_i,
          minmay_the_grid_square_5x5_tetrominoes,
          minmay_the_grid_square_5x5_checkered_statues,
          minmay_the_grid_square_5x5_eight, minmay_the_grid_square_5x5_bridge,
          minmay_the_grid_square_5x5_dogpile], layout_cave_shapes,
          cheibriados_altar_1, grunt_pan_entry_spiral, hell_entry,
          infiniplex_staircase_zigzag_4
Depths:3: onia_ninara_swampy_vault, layout_cave_shapes, rand_demon_pan_entry_8,
          hell_entry, hex_medium
Depths:4: minmay_split_circle, layout_basic, enter_ziggurat_a,
          abyss_entry_small_statue_room, pf_vacation_house_of_asmodeus,
          serial_bayou_pond_a, nicolae_lava_and_water
Depths:5: grunt_zot_entry_pinwheel, layout_basic, ashenzari_altar_1,
          abyss_entry, hell_entry, serial_bayou_pond_b, grunt_decor_arrowhead,
          uniq_mennas
Hell
Dis:1:    layout_chaotic_city, grunt_dis_stairs_iron_hall
Dis:2:    layout_overlapping_boxes
Dis:3:    layout_overlapping_boxes
Dis:4:    layout_gridville
Dis:5:    layout_chaotic_city, grunt_megastairs_3
Dis:6:    layout_gridville
Dis:7:    iron_city_of_dis [dis_old, dis_wall_1], layout_chaotic_city
Geh:1:    layout_gehenna_pools_triple
Geh:2:    layout_gehenna_pools_box, lemuel_hellish_altar
Geh:3:    layout_gehenna_pools_basic
Geh:4:    layout_gehenna_pools_basic
Geh:5:    layout_gehenna_lava_caves
Geh:6:    layout_gehenna_pools_basic
Geh:7:    evilmike_geh
Coc:1:    layout_ice_bergs
Coc:2:    layout_ice_bergs
Coc:3:    layout_cocytus_water_paths
Coc:4:    layout_cocytus_water_paths, serial_ice
Coc:5:    grunt_deathspiral_small, layout_cocytus_water_paths
Coc:6:    layout_ice_bergs
Coc:7:    coc_hangedman
Tar:1:    layout_grid_maze
Tar:2:    layout_honeycomb, nicolae_tar_cuneiform_two,
          nicolae_tar_cuneiform_bread
Tar:3:    layout_catacombs
Tar:6:    layout_catacombs, nicolae_tar_cuneiform_not
Tar:7:    tar_grunt_cathedral
Zot:1:    layout_gridlike, skrybe_zot_glass_2, grunt_megastairs_5
Zot:2:    layout_onion
Zot:3:    gammafunk_its_a_trap, layout_gridlike, nicolae_transmutations_shop
Zot:4:    layout_misc_corridors
Zot:5:    layout_basic, ebering_ghost_inner_flame

Skill      XL: |  1  2  3  4  5  6  7  8  9 10 11 12 13 14 15 16 17 18 19 20 21 22 23 24 25 26 27 |
---------------+----------------------------------------------------------------------------------+-----
Axes           | 2 3 4 5 6 7 9 10 12 13 14 15 16 17 18 22 | 22.5
Fighting       | 4 5 7 8 9 10 11 12 13 15 17 18 19 20 21 22 23 27 | 27.0
Invocations    | 1 5 8 10 12 13 21 | 21.0
Armour         | 3 6 7 9 10 12 13 14 15 16 17 18 25 | 25.7
Dodging        | 2 5 10 12 | 12.7
Shields        | 6 8 11 13 15 17 19 20 21 26 | 26.0
Throwing       | 4 7 13 | 13.3
Necromancy     | 7 9 15 | 15.9
Spellcasting   | 4 |  4.4
Translocations | 10 | 10.8
Charms         | 15 | 15.5

Action                   |  1- 3 |  4- 6 |  7- 9 | 10-12 | 13-15 | 16-18 | 19-21 | 22-24 | 25-27 || total
-------------------------+-------+-------+-------+-------+-------+-------+-------+-------+-------++-------
Melee: War axe           |    86 |   158 |   219 |       |       |       |       |       |       ||   463
       Headbutt          |     9 |    26 |    59 |   105 |   162 |   341 |   423 |   429 |  2299 ||  3853
       Unarmed           |       |    13 |       |       |       |       |     1 |       |       ||    14
       Hand axe          |       |       |    21 |   170 |       |       |       |       |       ||   191
       Broad axe         |       |       |       |   306 |   563 |  1154 |  1483 |  1363 |  6632 || 11501
       Scimitar          |       |       |       |    11 |    10 |       |       |       |       ||    21
       Peck              |       |       |       |       |       |       |       |       |  1974 ||  1974
Throw: Dart              |       |     7 |       |       |       |       |       |       |     2 ||     9
       Javelin           |       |       |       |       |       |     8 |     9 |     1 |    22 ||    40
       Throwing net      |       |       |       |       |       |       |       |       |     3 ||     3
 Cast: Regeneration      |       |       |       |       |       |       |       |       |    62 ||    62
       Spectral Weapon   |       |       |       |       |       |       |       |       |     2 ||     2
       Apportation       |       |       |       |       |       |       |       |       |     1 ||     1
       Blink             |       |       |       |       |       |       |       |       |     1 ||     1
Invok: Heroism           |       |       |     2 |    11 |     9 |    17 |    10 |     9 |     6 ||    64
       Finesse           |       |       |       |     2 |     5 |     7 |     5 |     7 |     2 ||    28
       Greater Servant o |       |       |       |       |       |       |       |       |    27 ||    27
Evoke: Wand              |       |     4 |    14 |       |       |       |       |     2 |     5 ||    25
       Lamp of fire      |       |       |       |       |       |     1 |     1 |       |       ||     2
  Use: Scroll            |       |       |       |    14 |     8 |    10 |    18 |     5 |    75 ||   130
       Potion            |       |       |       |       |     1 |     3 |       |     2 |    60 ||    66
 Stab: Confused          |       |     2 |       |       |       |       |       |       |       ||     2
       Petrified         |       |       |       |       |     4 |       |       |       |       ||     4
       Sleeping          |       |       |       |       |       |     1 |       |       |       ||     1
       Held in net/web   |       |       |       |       |       |       |     1 |       |     5 ||     6
       Distracted        |       |       |       |       |       |       |       |       |    12 ||    12
       Invisible         |       |       |       |       |       |       |       |       |     1 ||     1
       Paralysed         |       |       |       |       |       |       |       |       |     1 ||     1
  Eat: Chunk             |       |     7 |    14 |    20 |    18 |    25 |    14 |    11 |     5 ||   114
       Ration            |       |       |     1 |       |       |     1 |     5 |     4 |    30 ||    41
Armor: Scale mail        |    44 |    38 |       |       |       |       |       |       |       ||    82
       Skin              |       |     2 |       |       |       |       |       |       |       ||     2
       Chain mail        |       |     4 |   126 |   254 |   250 |   436 |   440 |   420 |   257 ||  2187
       Gold dragon scale |       |       |       |       |       |       |       |       |  1877 ||  1877
Dodge: Dodged            |    18 |    34 |    49 |    86 |   135 |   391 |   611 |   438 |  1910 ||  3672
Block: Shield            |    43 |    80 |   102 |   310 |   279 |   768 |   858 |    29 |       ||  2469
       Reflection        |       |       |       |     5 |     1 |    59 |       |       |       ||    65
       Large shield      |       |       |       |       |       |       |       |  1144 |  6684 ||  7828
       Rpst.: Scimitar   |       |       |       |     1 |       |       |       |       |       ||     1

Table legend:
 A = Non-vault XP
 B = Vault XP
 C = Vault XP percentage of total XP
 D = Non-vault monster count
 E = Vault monster count
 F = Vault count percentage of total count
                 A         B        C        D         E       F
            +---------+---------+-------+---------+---------+-------
      Total | 1832444 | 1468057 |  44.5 |    3041 |    1373 |  31.1
            +---------+---------+-------+---------+---------+-------
        D:1 |      16 |       0 |   0.0 |       9 |       0 |   0.0
        D:2 |     125 |       0 |   0.0 |      32 |       0 |   0.0
        D:3 |     113 |      36 |  24.2 |      20 |       1 |   4.8
        D:4 |     422 |     597 |  58.6 |      19 |      24 |  55.8
        D:5 |     737 |       0 |   0.0 |      17 |       0 |   0.0
        D:6 |     610 |       0 |   0.0 |      16 |       0 |   0.0
        D:7 |     574 |     928 |  61.8 |      13 |       2 |  13.3
        D:8 |    1007 |     960 |  48.8 |      23 |       1 |   4.2
        D:9 |    2854 |    2070 |  42.0 |      35 |      18 |  34.0
       D:10 |     954 |       0 |   0.0 |      10 |       0 |   0.0
       D:11 |    4633 |       0 |   0.0 |      29 |       0 |   0.0
       D:12 |    6115 |    6218 |  50.4 |      50 |      40 |  44.4
       D:13 |   13394 |    2335 |  14.8 |      55 |       2 |   3.5
       D:14 |    7843 |    2853 |  26.7 |      37 |       3 |   7.5
       D:15 |   14895 |    2289 |  13.3 |      39 |       3 |   7.1
     Lair:1 |    2184 |       0 |   0.0 |      11 |       0 |   0.0
     Lair:2 |    3854 |    2162 |  35.9 |      12 |       7 |  36.8
     Lair:3 |    3721 |     724 |  16.3 |      11 |       5 |  31.2
     Lair:4 |    7910 |       0 |   0.0 |      20 |       0 |   0.0
     Lair:5 |    3385 |     104 |   3.0 |      10 |       4 |  28.6
     Lair:6 |   13240 |   12410 |  48.4 |      39 |      23 |  37.1
   Shoals:1 |   14904 |    5317 |  26.3 |      36 |       8 |  18.2
   Shoals:2 |   10782 |    2356 |  17.9 |      22 |       1 |   4.3
   Shoals:3 |    4167 |    7517 |  64.3 |       9 |      14 |  60.9
   Shoals:4 |    9522 |   30842 |  76.4 |      20 |      40 |  66.7
   Spider:1 |   16091 |   14649 |  47.7 |      50 |      32 |  39.0
   Spider:2 |   11936 |    3055 |  20.4 |      29 |       2 |   6.5
   Spider:3 |   16923 |    2862 |  14.5 |      43 |       5 |  10.4
   Spider:4 |   14903 |   25179 |  62.8 |      41 |      42 |  50.6
    Slime:1 |   13896 |    7482 |  35.0 |      22 |       4 |  15.4
    Slime:2 |    7236 |    1021 |  12.4 |      18 |       3 |  14.3
    Slime:3 |    7268 |       0 |   0.0 |      12 |       0 |   0.0
    Slime:4 |   28566 |    2400 |   7.8 |      37 |       2 |   5.1
    Slime:5 |   30539 |   33089 |  52.0 |      51 |      13 |  20.3
      Orc:1 |    4407 |     991 |  18.4 |      27 |       1 |   3.6
      Orc:2 |    3322 |    6520 |  66.2 |      30 |      70 |  70.0
      Elf:1 |   25119 |    7760 |  23.6 |      38 |      10 |  20.8
      Elf:2 |   10889 |    3428 |  23.9 |      19 |       6 |  24.0
      Elf:3 |    9357 |   55207 |  85.5 |      18 |      41 |  69.5
   Vaults:1 |   37033 |    9698 |  20.8 |      73 |      25 |  25.5
   Vaults:2 |   42078 |   14853 |  26.1 |      61 |      18 |  22.8
   Vaults:3 |   44233 |   10260 |  18.8 |      68 |      14 |  17.1
   Vaults:4 |   48657 |   12277 |  20.1 |      79 |      16 |  16.8
   Vaults:5 |   31809 |  146614 |  82.2 |      47 |     103 |  68.7
    Crypt:1 |   32667 |   12253 |  27.3 |      48 |       5 |   9.4
    Crypt:2 |   23665 |    3952 |  14.3 |      36 |       4 |  10.0
    Crypt:3 |   37264 |   49335 |  57.0 |      41 |      61 |  59.8
     Tomb:1 |    3386 |   42277 |  92.6 |      11 |      41 |  78.8
     Tomb:2 |    9737 |   57856 |  85.6 |      22 |      52 |  70.3
     Tomb:3 |    9239 |   78285 |  89.4 |      26 |      57 |  68.7
   Depths:1 |   47066 |     117 |   0.2 |      62 |       1 |   1.6
   Depths:2 |   48287 |   64416 |  57.2 |      56 |      54 |  49.1
   Depths:3 |   10248 |   20359 |  66.5 |      16 |      24 |  60.0
   Depths:4 |   38056 |   27381 |  41.8 |      33 |      12 |  26.7
   Depths:5 |   35591 |   31910 |  47.3 |      43 |      19 |  30.6
       Hell |   47581 |   35647 |  42.8 |      60 |      58 |  49.2
      Dis:1 |   40913 |       0 |   0.0 |      84 |       0 |   0.0
      Dis:2 |   20610 |       0 |   0.0 |      47 |       0 |   0.0
      Dis:3 |    4641 |       0 |   0.0 |      15 |       0 |   0.0
      Dis:4 |    6841 |       0 |   0.0 |      12 |       0 |   0.0
      Dis:5 |    1140 |    5084 |  81.7 |       4 |       4 |  50.0
      Dis:6 |   39165 |       0 |   0.0 |      49 |       0 |   0.0
      Dis:7 |   44406 |   48796 |  52.4 |      46 |      23 |  33.3
      Geh:1 |    1618 |       0 |   0.0 |      10 |       0 |   0.0
      Geh:2 |     207 |       0 |   0.0 |       1 |       0 |   0.0
      Geh:3 |   22828 |       0 |   0.0 |      41 |       0 |   0.0
      Geh:4 |   47932 |       0 |   0.0 |      74 |       0 |   0.0
      Geh:5 |   10520 |       0 |   0.0 |      20 |       0 |   0.0
      Geh:6 |   29025 |       0 |   0.0 |      40 |       0 |   0.0
      Geh:7 |    9598 |   43525 |  81.9 |      18 |      29 |  61.7
      Coc:1 |     326 |       0 |   0.0 |       2 |       0 |   0.0
      Coc:2 |   12513 |       0 |   0.0 |      22 |       0 |   0.0
      Coc:3 |   31954 |       0 |   0.0 |      51 |       0 |   0.0
      Coc:4 |   26047 |       0 |   0.0 |      39 |       0 |   0.0
      Coc:5 |    3421 |       0 |   0.0 |       9 |       0 |   0.0
      Coc:6 |     930 |       0 |   0.0 |       3 |       0 |   0.0
      Coc:7 |   38014 |   74168 |  66.1 |      52 |      50 |  49.0
      Tar:1 |   51820 |       0 |   0.0 |      64 |       0 |   0.0
      Tar:2 |   26819 |       0 |   0.0 |      23 |       0 |   0.0
      Tar:3 |   43501 |       0 |   0.0 |      48 |       0 |   0.0
      Tar:6 |    2215 |       0 |   0.0 |       2 |       0 |   0.0
      Tar:7 |   17480 |   70475 |  80.1 |      29 |      31 |  51.7
      Zot:1 |   53581 |    4480 |   7.7 |      36 |       2 |   5.3
      Zot:2 |   52002 |       0 |   0.0 |      28 |       0 |   0.0
      Zot:3 |   39507 |    9388 |  19.2 |      29 |       1 |   3.3
      Zot:4 |   24695 |   40908 |  62.4 |      11 |       5 |  31.2
      Zot:5 |   75897 |  109691 |  59.1 |      41 |      34 |  45.3
    Abyss:1 |    3403 |       0 |   0.0 |       5 |       0 |   0.0
    Abyss:2 |   17671 |     484 |   2.7 |      36 |       1 |   2.7
    Abyss:3 |   31302 |   12757 |  29.0 |      75 |      22 |  22.7
    Abyss:4 |   14289 |    5608 |  28.2 |      26 |      13 |  33.3
        Pan |  110603 |  169847 |  60.6 |     138 |     109 |  44.1
      IceCv |       0 |   11995 | 100.0 |       0 |      58 | 100.0
            +---------+---------+-------+---------+---------+-------
